 Dungeon Crawl Stone Soup version 0.23.0 (webtiles) character file.

Game seed: 3005605429603648334

677550 Monsterracer the Slayer (level 27, -2/312 HPs)
             Began as a Merfolk Chaos Knight on Feb 10, 2019.
             Was a Favourite Plaything of Xom.
             Slain by a death scarab (19 damage)
             ... on level 2 of the Tomb of the Ancients.
             The game lasted 03:08:58 (60685 turns).

Monsterracer the Slayer (Merfolk Chaos Knight)     Turns: 60685, Time: 03:08:59

Health: -2/312     AC: 33    Str: 18      XL:     27
Magic:  38/40      EV: 30    Int: 29 (30) God:    Xom [......]
Gold:   3491       SH:  0    Dex: 18      Spells: 13/52 levels left

rFire    . . .     SeeInvis .   a - +8 demon trident (flame)
rCold    . . .     Gourm    .   x - +0 shield
rNeg     + + .     Faith    .   (armour currently unavailable)
rPois    ∞         Spirit   .   b - +2 hat
rElec    +         Reflect  .   y - +2 cloak {+Inv}
rCorr    .         Harm     .   (gloves currently unavailable)
MR       ++++.     Rnd*Tele +   (boots currently unavailable)
Stlth    ++........             I - amulet of Kadol {rN+ Regen+ Str+3 Int+2}
HPRegen  1.42/turn              B - +4 ring of slaying
MPRegen  0.27/turn              M - ring "Ihuthr Cidgh" {MR+ Int+7}

@: confused, sluggish, statue-form, marked, very slightly contaminated, hasted
and slowed, lightly drained, deflect missiles, very slow
A: (change form in water), (swift swim), (stealthy swim), clever 2, magic
resistance 1, sense surroundings 1, regeneration 1, screaming 1, teleportitis 1
}: 6/15 runes: serpentine, barnacled, slimy, silver, golden, abyssal
a: End Transformation, Renounce Religion, Evoke Invisibility


You were on level 2 of the Tomb of the Ancients.
You worshipped Xom.
You were a very special plaything of Xom.
You were not hungry.
You were a stone statue.
You visited 10 branches of the dungeon, and saw 50 of its levels.
You visited the Abyss 4 times.
You also visited: Ice Cave.

You collected 7773 gold pieces.
You spent 4282 gold pieces at shops.

Inventory:

Hand Weapons
 a - a +8 demon trident of flaming (weapon)
Missiles
 K - 10 throwing nets (quivered) {!f}
Armour
 b - a +2 hat (worn)
 u - a +2 pair of boots of flying
 x - a +0 shield (worn)
 y - a +2 cloak of invisibility (worn)
 E - +7 swamp dragon scales (melded)
 O - the +3 pair of boots "Igy Mieq" (melded) {rElec rPois rN+ MR-}
   (You found it on level 4 of the Shoals)

   It insulates you from electricity.
   It protects you from poison.
   It protects you from negative energy.
   It affects your resistance to hostile enchantments.
 V - a +2 pair of gloves of dexterity (melded)
Jewellery
 B - a +4 ring of slaying (left hand)
 C - an uncursed ring of protection from cold {!d}
 I - the amulet of Kadol (around neck) {rN+ Regen+ Str+3 Int+2}
   (Xom gifted it to you on level 1 of the Lair of Beasts)

   [amulet of regeneration]

   It affects your strength (+3).
   It affects your intelligence (+2).
   It protects you from negative energy.
   It increases your rate of regeneration.
 M - the ring "Ihuthr Cidgh" (right hand) {MR+ Int+7}
   (You bought it in a shop on level 1 of the Elven Halls)

   [ring of protection from magic]

   It affects your intelligence (+7).
   It affects your resistance to hostile enchantments.
 Z - the ring of the Solstice {rF++ rN+ MR- AC+3}
   (You found it on level 3 of the Snake Pit)

   [ring of protection]

   It affects your AC (+3).
   It greatly protects you from fire.
   It protects you from negative energy.
   It affects your resistance to hostile enchantments.
Wands
 h - a wand of enslavement (16)
 o - a wand of clouds (1)
 D - a wand of digging (15)
 G - a wand of paralysis (22)
 T - a wand of iceblast (57)
 U - a wand of acid (19)
Scrolls
 f - 12 scrolls of identify
 i - 10 scrolls of fog
 k - 10 scrolls of fear {!r}
 l - a scroll of enchant armour
 m - 7 scrolls of magic mapping
 r - 17 scrolls of remove curse
 s - 2 scrolls of summoning {!r}
 t - 9 scrolls of teleportation {!r}
 P - 2 scrolls of silence
 X - a scroll of blinking
Potions
 d - 5 potions of heal wounds
 e - 21 potions of curing
 g - 8 potions of resistance
 j - 4 potions of berserk rage {!q}
 n - 2 potions of ambrosia {!q}
 v - 10 potions of brilliance
 w - 4 potions of mutation {!q}
 z - 10 potions of agility
 A - 7 potions of might
 H - 3 potions of invisibility
 Q - 4 potions of haste
 R - 8 potions of lignification
 S - a potion of magic
 Y - 12 potions of flight
Miscellaneous
 p - a lamp of fire
 q - a box of beasts
 F - 5 phantom mirrors
 L - a phial of floods
 N - 3 sacks of spiders
Comestibles
 c - 69 rations


   Skills:
 * Level 24.6(24.2) Fighting
 - Level 14.0(13.7) Polearms
 - Level 10.1(9.8) Armour
 + Level 22.0(21.6) Dodging
 - Level 10.0(9.6) Stealth
 - Level 15.0(14.6) Shields
 - Level 13.2(12.8) Spellcasting
 - Level 8.5(8.2) Charms
 - Level 9.0(8.7) Summonings
 - Level 4.5(4.2) Necromancy
 - Level 8.4(8.1) Translocations
 - Level 12.3(12.0) Transmutations
 - Level 6.4(6.1) Air Magic
 - Level 10.0(9.6) Earth Magic
 - Level 12.3(12.0) Evocations


You had 13 spell levels left.
You knew the following spells:

 Your Spells              Type           Power        Failure   Level  Hunger
a - Summon Lightning Spi  Summ/Air       ######..     1%          4    None
b - Passage of Golubria   Tloc           N/A          1%          4    None
c - Aura of Abjuration    Summ           ######....   2%          5    ##.....
d - Borgnjor's Vile Clut  Necr/Erth      ######....   4%          5    ##.....
e - Blink                 Tloc           N/A          1%          2    None
h - Statue Form           Tmut/Erth      ######...    5%          6    ####...
j - Regeneration          Chrm/Necr      ######....   1%          3    None
u - Swiftness             Chrm/Air       ######..     1%          2    None
v - Summon Butterflies    Summ           ######..     1%          1    None
y - Deflect Missiles      Chrm/Air       ######....   24%         6    ####...
z - Apportation           Tloc           ######       1%          1    None

Your spell library contained the following spells:

 Spells                   Type           Power        Failure   Level  Hunger
 Animate Skeleton         Necr           N/A          1%          1    None
 Infusion                 Chrm           ####         1%          1    None
 Pain                     Necr           ####         1%          1    None
 Sandblast                Erth           ######       1%          1    None
 Summon Small Mammal      Summ           ####         1%          1    None
 Call Imp                 Summ           ######..     1%          2    None
 Corpse Rot               Necr           N/A          1%          2    None
 Passwall                 Tmut/Erth      ######..     1%          2    None
 Poisonous Vapours        Pois/Air       #####.       1%          2    None
 Song of Slaying          Chrm           ######..     1%          2    None
 Sticks to Snakes         Tmut           ######..     1%          2    None
 Call Canine Familiar     Summ           ######..     1%          3    None
 Gell's Gravitas          Tloc           ######....   1%          3    None
 Ignite Poison            Fire/Tmut/Pois #####...     1%          3    None
 Lesser Beckoning         Tloc           ######....   1%          3    None
 Ozocubu's Armour         Chrm/Ice       #####...     1%          3    None
 Portal Projectile        Hex/Tloc       #####.       1%          3    None
 Recall                   Summ/Tloc      N/A          1%          3    None
 Spider Form              Tmut/Pois      ######....   1%          3    None
 Stone Arrow              Conj/Erth      #####.       1%          3    None
 Summon Guardian Golem    Hex/Summ       #####...     1%          3    None
 Vampiric Draining        Necr           #####.....   1%          3    None
 Petrify                  Tmut/Erth      ######..     1%          4    None
 Lee's Rapid Deconstruct  Erth           ######....   1%          5    ##.....
 Static Discharge         Conj/Air       #####...     2%          3    None
 Summon Demon             Summ           ######....   2%          5    ##.....
 Summon Forest            Summ/Tloc      ######....   2%          5    ##.....
 Confusing Touch          Hex            ###...       3%          1    None
 Corona                   Hex            ###....      3%          1    None
 Flame Tongue             Conj/Fire      ###..        3%          1    None
 Freeze                   Ice            ###.         3%          1    None
 Magic Dart               Conj           ###.         3%          1    None
 Sting                    Conj/Pois      ###.         3%          1    None
 Mephitic Cloud           Conj/Pois/Air  ####....     3%          3    None
 Hydra Form               Tmut           ######....   3%          6    ####...
 Ensorcelled Hibernation  Hex/Ice        ###...       4%          2    None
 Searing Ray              Conj           ###...       4%          2    None
 Slow                     Hex            ###.....     4%          2    None
 Throw Flame              Conj/Fire      ###...       4%          2    None
 Throw Frost              Conj/Ice       ###...       4%          2    None
 Animate Dead             Necr           N/A          4%          4    None
 Leda's Liquefaction      Hex/Erth       #####.....   4%          4    None
 Summon Ice Beast         Ice/Summ       #####...     4%          4    None
 Force Lance              Conj/Tloc      #####...     5%          4    None
 Excruciating Wounds      Chrm/Necr      ######....   6%          5    ##.....
 Alistair's Intoxication  Tmut/Pois      ######..     7%          5    ##.....
 Irradiate                Conj/Tmut      ######....   7%          5    ##.....
 Yara's Violent Unravell  Hex/Tmut       ######....   7%          5    ##.....
 Confuse                  Hex            ###.....     9%          3    None
 Conjure Flame            Conj/Fire      ###.....     9%          3    None
 Dazzling Spray           Conj/Hex       ###...       9%          3    None
 Inner Flame              Hex/Fire       ###.....     9%          3    None
 Tukima's Dance           Hex            ###.....     9%          3    None
 Shadow Creatures         Summ           N/A          12%         6    ####...
 Summon Mana Viper        Hex/Summ       #####...     13%         5    ##.....
 Iskenderun's Battlesphe  Conj/Chrm      #####...     16%         5    ##.....
 Dispersal                Tloc           ######....   16%         6    ####...
 Dragon Form              Tmut           ######....   19%         7    ######.
 Bolt of Magma            Conj/Fire/Erth #####.....   22%         5    ##.....
 Lightning Bolt           Conj/Air       #####.....   22%         5    ##.....
 Fulminant Prism          Conj/Hex       ###.......   28%         4    None
 Iskenderun's Mystic Bla  Conj           ###.....     28%         4    None
 Olgreb's Toxic Radiance  Pois           ###.....     28%         4    None
 Sticky Flame             Conj/Fire      ###.....     28%         4    None
 Throw Icicle             Conj/Ice       ###.....     28%         4    None
 Iron Shot                Conj/Erth      #####.....   52%         6    ####...
 Summon Hydra             Summ           ######....   56%         7    ######.
 Fireball                 Conj/Fire      ###.......   63%         5    ##.....
 Metabolic Englaciation   Hex/Ice        ###.......   63%         5    ##.....
 Venom Bolt               Conj/Pois      ###.......   63%         5    ##.....
 Haunt                    Necr/Summ      ######....   86%         7    ######.
 Freezing Cloud           Conj/Ice/Air   ####......   88%         6    ####...
 Simulacrum               Ice/Necr       ####......   88%         6    ####...
 Bolt of Fire             Conj/Fire      ###.......   99%         6    ####...
 Darkness                 Hex            ###.......   99%         6    ####...
 Invisibility             Hex            ###.....     99%         6    ####...
 Ring of Flames           Chrm/Fire      #####.....   99%         7    ######.
 Spellforged Servitor     Conj/Summ      #####.....   99%         7    ######.
 Orb of Destruction       Conj           ###.......   100%        7    ######.
 Borgnjor's Revivificati  Necr           #####.....   100%        8    #######
 Controlled Blink         Tloc           N/A          100%        8    #######
 Death's Door             Chrm/Necr      ######....   100%        8    #######
 Disjunction              Tloc           ######....   100%        8    #######
 Ignition                 Fire           ###.......   100%        8    #######
 Infestation              Necr           #####.....   100%        8    #######
 Necromutation            Tmut/Necr      ######....   100%        8    #######
 Shatter                  Erth           ######....   100%        9    #######
 Tornado                  Air            ######....   100%        9    #######


Dungeon Overview and Level Annotations

Branches:
Dungeon (15/15)            Temple (0/1) D:7            Lair (6/6) D:11
 Shoals (4/4) Lair:2        Snake (4/4) Lair:4        Slime (5/5) Lair:6
    Orc (2/2) D:10            Elf (3/3) Orc:2        Vaults (5/5) D:13
  Crypt (3/3) Vaults:3       Tomb (3/3) Crypt:3      Depths (0/5) D:15

Altars:
Ashenzari
Cheibriados
Elyvilon
Fedhas
Gozag
Kikubaaqudgha
Qazlal
Trog
Uskayaw
Vehumet
Xom
Yredelemnul
The Shining One
Beogh
Jiyva

Shops:
D:8 }   D:10 [   D:12 *[=(   Orc:2 }[*=   Elf:1 }=}   Elf:2 !   Shoals:1 *
Snake:1 ?   Vaults:2 *   Vaults:3 (   Vaults:5 }

Portals:
Trove: Elf:3 (give horn of Geryon)


Innate Abilities, Weirdness & Mutations

((You revert to your normal form in water))
((You are very nimble and swift while swimming.))
((You are very stealthy in the water. (Stealth+)))
((You are partially covered in slimy green scales. (AC +2)))
Your mind is very acute. (Int +4)
You are resistant to hostile enchantments. (MR+)
You passively map a small area around you.
Your natural rate of healing is unusually fast.
You occasionally shout uncontrollably at your foes.
You are occasionally teleported next to monsters.


Message History

The death scarab drains your vigour!
You feel as though you will be slow longer.
The death scarab closely misses you. The death scarab bites you.
* * * LOW HITPOINT WARNING * * *
You block the death scarab's attack. x2
You take 17 damage, and have 64/312 hp.
The death scarab misses you. You block the death scarab's attack. x2
The death scarab misses you.
The death scarab completely misses you. x2
You block the death scarab's attack. The death scarab completely misses you.
You regained 3 hp, and now have 67/312 hp.
Unknown command.
Unknown command.
Your extra speed is starting to run out.
You block the death scarab's attack. The death scarab barely misses you.
You block the death scarab's attack.
The death scarab completely misses you. x4
You regained 3 hp, and now have 70/312 hp.
Unknown command.
Your skin is crawling a little less now.
You block the death scarab's attack. The death scarab misses you.
The death scarab completely misses you. You block the death scarab's attack. x2
The death scarab bites you!
* * * LOW HITPOINT WARNING * * *
The death scarab drains your vigour!
You feel as though you will be slow longer.
The death scarab completely misses you. The death scarab closely misses you.
The death scarab bites you.
* * * LOW HITPOINT WARNING * * *
The death scarab drains your vigour!
You feel as though you will be slow longer.
You take 18 damage, and have 52/312 hp.
You feel sluggish. The death scarab completely misses you.
The death scarab bites you.
* * * LOW HITPOINT WARNING * * *
The death scarab drains your vigour!
You feel as though you will be slow longer.
You block the death scarab's attack.
The death scarab completely misses you. x2
The death scarab bites you but does no damage.
The death scarab misses you. You block the death scarab's attack.
The death scarab misses you. You block the death scarab's attack.
The death scarab completely misses you.
There is a one-way staircase leading up here.
Unknown command.
You take 3 damage, and have 49/312 hp.
Unknown command.
Unknown command.
Really go through this one-way escape hatch?
You block the death scarab's attack. The death scarab completely misses you.
You block the death scarab's attack. The death scarab misses you. x2
The death scarab barely misses you. The death scarab misses you.
You block the death scarab's attack. The death scarab closely misses you.
The death scarab completely misses you.
The bennu's plumage briefly flares with an otherwordly flame.
The bennu completely misses you. x2; The bennu closely misses you.
The death scarab completely misses you. The death scarab barely misses you.
The death scarab bites you!
* * * LOW HITPOINT WARNING * * *
The death scarab bites you.
* * * LOW HITPOINT WARNING * * *
The bennu pecks you but does no damage. The bennu misses you. x2
The death scarab completely misses you. The death scarab closely misses you. x2
The death scarab completely misses you. A mysterious force pulls you upwards.
The hatch slams shut behind you.
Reactivating autopickup.
You feel yourself slow down.
Your skin stops crawling.
Unknown command.
Unknown command.
You take 4 damage, and have 45/312 hp.
Unknown command.
Okay, then.
Okay, then.
You are a level 27 Merfolk Chaos Knight.
I'm sorry, level 27 is as high as you can go.
With the way you've been playing, I'm surprised you got this far.
Play time: 03:08:07 (60685 turns)
You feel yourself speed up.
Xom titters.
You are confused.
The death scarab misses you. The death scarab completely misses you.
The death scarab misses you. The death scarab bites you!
* * * LOW HITPOINT WARNING * * *
The death scarab completely misses you. x2; The death scarab bites you.
* * * LOW HITPOINT WARNING * * *
The death scarab drains your vigour!
You feel as though you will be slow longer.
The death scarab completely misses you. The death scarab barely misses you.
The bennu completely misses you. The bennu closely misses you. x2
The death scarab bites you but does no damage.
The death scarab completely misses you. The death scarab bites you!
* * * LOW HITPOINT WARNING * * *
The death scarab drains your vigour!
You feel as though you will be slow longer.
The bennu completely misses you. x2; The bennu closely misses you.
The death scarab completely misses you. x3; The bennu pecks you.
* * * LOW HITPOINT WARNING * * *
The bennu claws you but does no damage. The bennu closely misses you.
The death scarab barely misses you. The death scarab completely misses you.
The death scarab bites you!!
You die...
Xom chuckles heartily!

*,,,,,*,,,,,,,,,,...
*,...,*,,,,,,,,,,,,,
*,...,*,,,,,,,,,,,,,
###'###,,,,,,,,,,,,,
#..^..#,,,,,,,,,,,,,
#.....#,,,,,,,,,,,,,
#.....#####****'****
#..b.......,*,,,,,,*
#.s8.......,*,,,,,,*
#.ss.......,*,,,,,,+
#...^......>*,,,,,,*
###########*********


You could see a bennu and 3 death scarabs.

Vanquished Creatures
  Khufu (Tomb:1)
  An ancient lich (Crypt:3)
  3 greater mummies (Tomb:1)
  2 shard shrikes (Slime:5)
  Sojobo (Vaults:4)
  Saint Roka (Crypt:1)
  2 golden dragons
  A profane servitor (Abyss:3)
  A bone dragon (Crypt:3)
  Rupert (D:12)
  3 liches
  2 Ice Fiends (IceCv)
  A quicksilver dragon (Vaults:4)
  4 deep elf blademasters (Elf:3)
  5 tentacled monstrosities
  A shard shrike skeleton (Crypt:3)
  19 acid blobs
  5 titans
  2 deep elf master archers (Elf:3)
  4 tentacled starspawn
  2 krakens
  9 ancient champions
  A thorn hunter (Abyss:5)
  8 sphinxes
  7 tengu reavers
  8 nagarajas
  3 fire giants
  A shadow dragon (Vaults:5)
  13 azure jellies
  2 frost giants
  2 iron dragons (Vaults:5)
  6 deep elf sorcerers
  4 deep elf elementalists
  17 vault wardens
  An orc warlord (Vaults:3)
  A curse skull (Crypt:3)
  6 very ugly things
  4 ghouls (Crypt:3)
  13 ironheart preservers
  4 caustic shrike skeletons (Crypt:3)
  2 war gargoyles
  3 entropy weavers
  10 stone giants
  A spark wasp (shapeshifter) (Vaults:1)
  6 deep elf annihilators
  5 vampire knights
  A deep elf demonologist (Elf:3)
  4 bennus (Tomb:2)
  A purple draconian (Abyss:3)
  A red draconian (Abyss:5)
  A quicksilver dragon zombie (Crypt:1)
  13 jiangshi
  3 eidola
  A fire dragon (Lair:4)
  9 death oozes
  6 ettins
  13 deep elf death magi
  4 merfolk javelineers
  14 yaktaur captains
  6 mummy priests
  5 merfolk impalers
  9 great orbs of eyes
  Harold (D:8)
  Josephine (Lair:6)
  12 deep elf high priests
  34 vault guards
  5 rakshasas
  5 hydras
  9 naga warriors
  A quicksilver dragon skeleton (Crypt:1)
  A merfolk avatar (Shoals:4)
  10 centaur warriors
  A shambling mangrove (Abyss:5)
  The ghost of doot the Transmogrifier, a journeyman MfTm of Sif Muna (D:10)
  31 two-headed ogres
  2 ice dragons
  4 catoblepae
  3 merfolk aquamancers (Shoals:4)
  9 ogre magi
  7 anacondas
  25 dancing weapons
  An alligator snapping turtle (Shoals:4)
  2 death knights
  19 death scarabs
  6 thrashing horrors
  A hell hog (Vaults:1)
  4 death yaks (Lair:6)
  3 vampire magi
  A queen ant (Lair:6)
  11 naga sharpshooters
  17 deep elf knights
  5 shock serpents
  A wretched star (Abyss:5)
  A soul eater (Crypt:1)
  A storm dragon zombie (Crypt:3)
  Sonja (Lair:2)
  An iron troll (Vaults:4)
  3 storm dragon skeletons (Crypt:3)
  5 titan skeletons (Crypt:3)
  5 shadow wraiths
  55 skeletal warriors
  A fire crab (shapeshifter) (Abyss:5)
  7 spatial maelstroms
  6 unseen horrors
  5 salamander mystics
  5 wizards
  3 glowing orange brains
  The ghost of Esekla the Gouger, a novice FeWn of Vehumet (D:11)
  15 sea snakes
  2 golden dragon zombies
  4 flayed ghosts
  An orange crystal statue (Elf:3)
  10 large abominations
  4 lindwurms (Snake:4)
  A death drake (Shoals:4)
  A swamp dragon (Shoals:2)
  10 deep trolls
  2 anaconda skeletons (Crypt:3)
  8 naga ritualists
  10 orc knights
  8 phantasmal warriors
  27 deep elf archers
  A shadow dragon zombie (Crypt:3)
  An iron dragon zombie (Abyss:5)
  4 necromancers
  16 harpies
  23 ironbrand convokers
  66 deep elf magi
  8 mana vipers
  39 ugly things
  A faun (shapeshifter) (Vaults:3)
  3 wolf spider zombies
  6 oklob plants
  A mana viper (shapeshifter) (Vaults:4)
  7 wolf spiders
  2 frost giant zombies
  3 orc sorcerers
  8 shining eyes
  2 iron dragon skeletons (Crypt:3)
  6 worldbinders
  10 cyclopes
  10 salamanders
  5 merfolk sirens
  A fire giant zombie (Vaults:1)
  3 fire giant skeletons
  18 manticores
  2 elephants
  A frost giant skeleton (Vaults:1)
  A guardian serpent (shapeshifter) (D:15)
  4 centaur zombies
  2 ice statues (IceCv)
  7 guardian serpents
  14 vault sentinels
  2 eyes of devastation
  2 black mambas (shapeshifter) (Vaults:3)
  Psyche (D:9)
  Maurice (D:12)
  7 water nymphs
  27 black mambas
  An orange demon (Abyss:5)
  4 smoke demons
  16 naga magi
  An alligator snapping turtle zombie (Crypt:1)
  3 apocalypse crabs (Abyss:3)
  A hellion (Abyss:5)
  19 spiny frogs
  An eye of devastation (shapeshifter) (Vaults:3)
  A shock serpent zombie (Crypt:1)
  2 spiny frogs (shapeshifter)
  A kobold demonologist (D:14)
  53 yaktaurs
  A swamp worm zombie (Crypt:2)
  3 dire elephant skeletons
  A tormentor (Abyss:5)
  2 efreet
  An entropy weaver simulacrum (Vaults:1)
  17 guardian mummies
  3 rime drakes
  3 freezing wraiths
  14 ice devils (IceCv)
  2 queen bees
  7 komodo dragons
  A tengu conjurer (D:13)
  13 trolls
  26 merfolk
  2 ancient zymes (Abyss:5)
  2 hornets
  A merfolk (shapeshifter) (Elf:1)
  3 meliai (D:14)
  A jumping spider (Vaults:4)
  2 harpy skeletons (Crypt:3)
  A polar bear (Lair:3)
  A jumping spider zombie (Crypt:3)
  92 slime creatures
  17 raiju
  A raiju (shapeshifter) (D:6)
  6 wind drakes
  6 blink frogs
  A meliai zombie (Crypt:3)
  A slime creature (shapeshifter) (Vaults:5)
  6 dream sheep (Shoals:4)
  A satyr zombie (Crypt:1)
  9 snapping turtles
  2 bog bodies (Crypt:3)
  A snapping turtle (shapeshifter) (Abyss:3)
  14 hippogriffs
  A stone giant simulacrum (Vaults:1)
  A spriggan (D:9)
  12 water elementals
  3 redbacks
  A redback (shapeshifter) (Elf:2)
  5 ettin skeletons (Crypt:3)
  17 humans (D:13)
  3 shadows
  2 black mamba zombies (Crypt:3)
  20 starcursed masses (Abyss:3)
  6 flying skulls
  An alligator skeleton (Crypt:3)
  A spriggan (shapeshifter) (Elf:2)
  5 air elementals
  2 tarantellas (Vaults:4)
  2 tarantellas (shapeshifter)
  2 wyverns
  62 yaks
  2 yaks (shapeshifter)
  An ushabti (Tomb:2)
  2 fire elementals
  A human (shapeshifter) (Vaults:3)
  A wyvern (shapeshifter) (Vaults:3)
  11 wraiths
  11 golden eyes
  A hog (shapeshifter) (D:11)
  13 vampire mosquitoes
  8 basilisks
  2 hungry ghosts
  6 spatial vortices
  A neqoxec (Abyss:5)
  2 insubstantial wisps (Abyss:5)
  A torturous demonspawn zombie (Crypt:1)
  28 nagas
  A soldier ant (shapeshifter) (Vaults:4)
  Menkaure (D:4)
  5 wargs
  A monstrous demonspawn skeleton (Crypt:1)
  A spiny frog zombie (Crypt:3)
  A floating eye (shapeshifter) (Lair:6)
  7 water moccasins
  5 porcupines
  4 ice beasts
  32 orc warriors
  3 sky beasts
  A snapping turtle zombie (Tomb:1)
  3 phantoms
  A swamp drake (Orc:1)
  A black bear (D:7)
  A manticore zombie (Crypt:3)
  6 eyes of draining
  4 necrophages
  33 centaurs
  5 boggarts
  37 ogres
  17 wolves
  2 snapping turtle skeletons
  A big kobold (D:10)
  14 crocodiles
  3 earth elementals
  2 elf zombies (D:12)
  2 gnoll sergeants (D:10)
  An elf skeleton (Crypt:3)
  21 bullfrogs
  2 human simulacra
  A deep troll simulacrum (Vaults:3)
  2 wyvern skeletons
  5 scorpions
  An orc simulacrum (Vaults:1)
  20 killer bees
  9 small abominations
  26 wights
  8 howler monkeys
  2 bullfrog zombies
  5 crimson imps
  A wyvern simulacrum (D:15)
  5 hounds
  3 jellies
  A quasit (D:12)
  A bullfrog skeleton (D:12)
  6 human zombies
  18 orc priests
  6 centaur skeletons
  13 orc wizards
  An iron imp (Abyss:3)
  4 human skeletons
  12 worker ants
  Natasha (D:2)
  A basilisk skeleton (Crypt:3)
  6 hell rats (Lair:5)
  A felid zombie (Crypt:2)
  A crocodile skeleton (Crypt:3)
  A hound zombie (D:5)
  A tengu skeleton (Crypt:3)
  A hound skeleton (D:8)
  21 mummies
  A worker ant zombie (D:8)
  Robin (D:2)
  14 adders
  9 gnolls
  A howler monkey skeleton (D:4)
  3 shadow imps
  4 white imps (IceCv)
  7 ufetubi
  4 oozes
  An adder skeleton (D:5)
  4 worms
  A barachi zombie (Crypt:2)
  5 dart slugs
  3 leopard geckos
  89 orcs
  2 ball pythons
  5 bats
  11 giant cockroaches
  16 goblins
  13 hobgoblins
  16 jackals
  13 kobolds
  3 quokkas
  5 frilled lizards
  A kobold skeleton (Crypt:3)
  A quokka zombie (D:8)
  9 rats
  2 crawling corpses (Elf:1)
  A fire vortex (Vaults:5)
  5 fungi (Lair:4)
  A plant (Lair:2)
  A starspawn tentacle (Abyss:5)
  3 tentacles
2302 creatures vanquished.

Vanquished Creatures (collateral kills)
  A tentacled monstrosity (Abyss:3)
  An acid blob (Slime:5)
  Frances (Snake:1)
  A shadow dragon (Vaults:4)
  A nagaraja (Snake:4)
  A vault warden (Vaults:2)
  A very ugly thing (Vaults:5)
  An entropy weaver (Vaults:4)
  A stone giant (Vaults:4)
  A merfolk impaler (Shoals:2)
  A fire dragon (Vaults:1)
  A deep elf high priest (Elf:3)
  An ice dragon (Vaults:4)
  A vault guard (Vaults:5)
  4 two-headed ogres (Vaults:1)
  A death knight (D:15)
  A merfolk avatar (Shoals:3)
  2 centaur warriors (Vaults:1)
  An ogre mage (Vaults:1)
  A naga sharpshooter (Snake:1)
  A deep elf knight (Elf:3)
  A skeletal warrior (Crypt:1)
  A deep troll (Vaults:1)
  A naga ritualist (Snake:4)
  A phantasmal warrior (Crypt:3)
  2 ironbrand convokers (Vaults:1)
  An orc knight (Vaults:4)
  4 deep elf magi
  A shining eye (D:15)
  3 ugly things
  A moth of wrath (shapeshifter) (Abyss:3)
  A cyclops (D:11)
  A faun (Shoals:2)
  A merfolk siren (Lair:2)
  A guardian serpent (shapeshifter) (Elf:3)
  A vault sentinel (Vaults:4)
  A water nymph (Abyss:5)
  A naga mage (Snake:4)
  4 yaktaurs
  A death yak skeleton (Crypt:1)
  A bog body (Crypt:3)
  3 slime creatures (Slime:5)
  A snapping turtle (Shoals:2)
  2 redbacks
  A yak (Lair:6)
  2 nagas (Snake:1)
  4 orc warriors
  A wolf (Lair:6)
  5 ogres
  A crocodile (D:11)
  A centaur (Vaults:1)
  A crimson imp (D:9)
  A starcursed mass (Abyss:3)
  A hound (D:9)
  An orc wizard (D:9)
  An orc priest (D:6)
  A statue (D:9)
  4 gnolls
  7 orcs
  A rat zombie (Crypt:1)
93 creatures vanquished.

Vanquished Creatures (others)
  A two-headed ogre (Orc:2)
  5 dancing weapons
  A deep elf mage (Elf:2)
  A necromancer (Vaults:1)
  A wizard (Vaults:1)
  A salamander (Snake:3)
  A guardian serpent (Snake:4)
  A polar bear (shapeshifter) (Vaults:4)
  An air elemental (Elf:3)
  A water elemental (Shoals:4)
  2 yaks (Lair:6)
  A chaos spawn (Abyss:5)
  2 golden eyes (Abyss:5)
  A spatial vortex (Vaults:2)
  A naga (Snake:4)
  An orc warrior (Vaults:1)
  An eye of draining (Abyss:3)
  2 ogres
  2 centaurs
  A scorpion (shapeshifter) (Vaults:5)
  4 orc wizards
  A worker ant (D:10)
  2 white imps (IceCv)
  5 ufetubi (IceCv)
  An orc (D:5)
  A goblin (D:2)
  A crawling corpse (Elf:1)
  2 fire vortices (D:10)
  5 fungi
  A lurking horror (Abyss:3)
  7 plants
  10 starspawn tentacles (Abyss:5)
  18 tentacles
86 creatures vanquished.

Grand Total: 2481 creatures vanquished

Notes
Turn   | Place    | Note
-------+----------+-------------------------------------------
     0 | D:1      | Monsterracer the Merfolk Chaos Knight began the quest for
                  | the Orb.
     0 | D:1      | Reached XP level 1. HP: 18/18 MP: 1/1
    80 | D:1      | Reached XP level 2. HP: 23/24 MP: 2/2
   182 | D:1      | Reached skill level 5 in Polearms
   226 | D:1      | Reached XP level 3. HP: 25/29 MP: 3/3
   778 | D:2      | Found a snail-covered altar of Cheibriados.
   782 | D:2      | Noticed Natasha
   789 | D:2      | HP: 13/30 [something (5)]
   790 | D:2      | Killed Natasha
   790 | D:2      | Reached XP level 4. HP: 17/37 MP: 4/4
   818 | D:2      | XOM: mild Fire miscast
   956 | D:2      | XOM: god gift: scroll labeled HAGAGO LACWE {god gift}
  1107 | D:2      | Reached skill level 4 in Fighting
  1474 | D:2      | XOM: cloud trail
  1725 | D:2      | Reached XP level 5. HP: 42/42 MP: 5/5
  1833 | D:2      | Noticed Robin
  1879 | D:2      | Killed Robin
  1978 | D:2      | XOM: god gift: wand of clouds (3)
  2397 | D:3      | XOM: noise
  2531 | D:3      | HP: 20/43 [orc priest/divine providence (13)]
  2531 | D:3      | XOM: butterfly on damage
  2536 | D:3      | HP: 16/43 [poisoned by an orc wizard]
  2536 | D:3      | HP: 4/43 [orc priest/divine providence (12)]
  2547 | D:3      | HP: 12/43 [adder (2)]
  2552 | D:3      | HP: 11/43 [poisoned by an adder]
  2555 | D:3      | XOM: divination: detect items
  2557 | D:3      | HP: 7/43 [poisoned by an orc wizard]
  2557 | D:3      | HP: 1/43 [orc wizard/magic dart (6)]
  2564 | D:3      | HP: 12/43 [poisoned by an orc wizard]
  2564 | D:3      | HP: 3/43 [orc wizard/magic dart (9)]
  2576 | D:3      | Reached XP level 6. HP: 15/49 MP: 6/6
  2576 | D:3      | HP: 14/49 [poisoned by an orc wizard]
  2581 | D:3      | HP: 11/49 [poisoned by an orc wizard]
  2587 | D:3      | HP: 10/49 [poisoned by an orc wizard]
  2591 | D:3      | XOM: smoke on damage
  2595 | D:3      | HP: 10/49 [poisoned by an orc wizard]
  2739 | D:3      | XOM: god gift: twisted jewelled staff {god gift}
  2998 | D:3      | XOM: scenery: create altars
  3176 | D:3      | Found an opulent altar of Gozag.
  3373 | D:3      | XOM: god gift: scroll labeled SUTITA BEIM {god gift}
  3526 | D:4      | XOM: scenery: create altars
  3554 | D:4      | Noticed Menkaure
  3556 | D:4      | XOM: potion effect (might)
  3560 | D:4      | Killed Menkaure
  3560 | D:4      | Reached skill level 5 in Fighting
  3560 | D:4      | Reached skill level 5 in Dodging
  3560 | D:4      | Reached XP level 7. HP: 56/56 MP: 7/7
  3612 | D:4      | XOM: divination: magic mapping
  3666 | D:4      | Found a glowing golden altar of the Shining One.
  3805 | D:4      | Found a bloodstained altar of Trog.
  3805 | D:4      | XOM: 5-stop teleportation journey
  3891 | D:4      | Found a white marble altar of Elyvilon.
  4068 | D:5      | Entered Level 5 of the Dungeon
  4075 | D:5      | XOM: summons 3 friendly demons
  4096 | D:5      | HP: 27/56 [worm (5)]
  4148 | D:5      | XOM: give mutation
  4148 | D:5      | Gained mutation: You are partially covered in thin metallic
                  | scales. (AC +2) [Xom's grace]
  4407 | D:5      | HP: 19/56 [orc priest/divine providence (12)]
  4415 | D:5      | XOM: god gift: 5 needles of confusion
  4419 | D:5      | XOM: divine lightning
  4430 | D:5      | HP: 21/56 [orc/+0 mace (2)]
  4673 | D:5      | XOM: scenery: 1 doors close
  4739 | D:5      | XOM: enchant monster (good)
  4792 | D:5      | XOM: confuse monster(s)
  4849 | D:5      | XOM: 5-stop teleportation journey
  5197 | D:5      | XOM: cloud trail
  5249 | D:5      | XOM: give mutations
  5249 | D:5      | Gained mutation: You have an increased reservoir of magic.
                  | (+10% MP) [Xom's grace]
  5249 | D:5      | Gained mutation: You are resistant to hostile enchantments.
                  | (MR+) [Xom's grace]
  5482 | D:5      | XOM: scenery: 1 doors close
  5520 | D:6      | Noticed Sigmund
  5525 | D:6      | Reached XP level 8. HP: 48/63 MP: 8/8
  5604 | D:6      | XOM: polymorph orc wizard -> worker ant
  5613 | D:6      | Reached skill level 10 in Polearms
  5749 | D:6      | Noticed Sigmund
  5749 | D:6      | Sigmund changed into Sigmund the glowing shapeshifter
  5749 | D:6      | XOM: polymorph Sigmund -> Sigmund the glowing shapeshifter
  5749 | D:6      | Noticed Sigmund
  5749 | D:6      | Sigmund the glowing shapeshifter changed into Sigmund the
                  | two-headed ogre
  5750 | D:6      | Noticed Sigmund
  5750 | D:6      | Sigmund the two-headed ogre changed into Sigmund the mana
                  | viper
  5752 | D:6      | Noticed Sigmund
  5752 | D:6      | Sigmund the mana viper changed into Sigmund the lindwurm
  5755 | D:6      | XOM: summons friendly iron imp
  5756 | D:6      | Noticed Sigmund
  5756 | D:6      | Sigmund the lindwurm changed into Sigmund the glowing
                  | shapeshifter
  5756 | D:6      | XOM: polymorph Sigmund the lindwurm -> Sigmund the glowing
                  | shapeshifter
  5756 | D:6      | Noticed Sigmund
  5756 | D:6      | Sigmund the glowing shapeshifter changed into Sigmund the
                  | anaconda
  5758 | D:6      | Noticed Sigmund
  5758 | D:6      | Sigmund the anaconda changed into Sigmund the merfolk
  5760 | D:6      | Noticed Sigmund
  5760 | D:6      | Sigmund the merfolk changed into Sigmund the dream sheep
  5762 | D:6      | Noticed Sigmund
  5762 | D:6      | Sigmund the dream sheep changed into Sigmund the salamander
  5765 | D:6      | XOM: scenery: create altars
  5766 | D:6      | Noticed Sigmund
  5766 | D:6      | Sigmund the salamander changed into Sigmund the queen bee
  5770 | D:6      | XOM: confuse monster(s)
  5771 | D:6      | Noticed Sigmund
  5771 | D:6      | Sigmund the queen bee changed into Sigmund the black mamba
  5772 | D:6      | Noticed Sigmund
  5772 | D:6      | Sigmund the black mamba changed into Sigmund the raiju
  5773 | D:6      | XOM: enchant monster (good)
  5777 | D:6      | Killed Sigmund the raiju
  5777 | D:6      | Reached skill level 6 in Fighting
  6046 | D:6      | XOM: cast spell 'Summon Mana Viper'
  6262 | D:6      | XOM: summons 8 friendly demons
  6263 | D:6      | Reached skill level 1 in Shields
  6490 | D:7      | Noticed a -2 hand axe
  6491 | D:7      | Noticed a +0 hand axe
  6492 | D:7      | Found a hide-covered altar of Uskayaw.
  6699 | D:7      | XOM: potion effect (invisibility)
  6744 | D:7      | Reached XP level 9. HP: 42/70 MP: 9/9
  6749 | D:7      | Reached skill level 5 in Shields
  6894 | D:7      | Found a shattered altar of Ashenzari.
  6949 | D:7      | XOM: cloud trail
  7017 | D:7      | XOM: silly message
  7058 | D:7      | XOM: medium Tmut miscast
  7153 | D:7      | XOM: cloud trail
  7257 | D:7      | XOM: silly message
  7332 | D:7      | XOM: god gift: scroll of fear
  7552 | D:7      | Found a staircase to the Ecumenical Temple.
  7607 | D:8      | XOM: 1-stop teleportation journey
  7661 | D:8      | XOM: confuse monster(s)
  7664 | D:8      | XOM: medium Tloc miscast
  7664 | D:8      | Cast into level 2 of the Abyss (the capriciousness of Xom)
  7707 | Abyss:2  | Noticed a hellwing
  7709 | Abyss:2  | Noticed a sixfirhy
  7743 | Abyss:3  | Noticed a large abomination
  7779 | Abyss:4  | Noticed a great orb of eyes
  7783 | Abyss:4  | XOM: confuse monster(s)
  7802 | Abyss:5  | Entered Level 5 of the Abyss
  7813 | Abyss:5  | Noticed a starcursed mass
  7817 | Abyss:5  | Noticed a balrug
  7817 | Abyss:5  | Noticed a sun demon
  7817 | Abyss:5  | Noticed an elephant
  7818 | Abyss:5  | Noticed a red devil
  7819 | Abyss:5  | Noticed an elephant
  7822 | Abyss:5  | XOM: summons 4 hostile demons
  7826 | Abyss:5  | Noticed a thrashing horror
  7827 | Abyss:5  | Noticed a thrashing horror
  7828 | Abyss:5  | Noticed a thrashing horror
  7828 | Abyss:5  | Noticed a thrashing horror
  7838 | Abyss:5  | Noticed a satyr
  7838 | Abyss:5  | HP: 28/70 [satyr/arrow (26)]
  7840 | Abyss:5  | Found a corrupted altar of Lugonu.
  7858 | Abyss:5  | HP: 17/70 [satyr/arrow (15)]
  7872 | Abyss:5  | Noticed a tentacled starspawn
  7887 | Abyss:5  | Noticed a smoke demon
  7889 | Abyss:5  | HP: 6/71 [satyr/arrow (39)]
  7899 | Abyss:5  | XOM: harmless Chrm miscast
  7908 | Abyss:5  | Found a corrupted altar of Lugonu.
  7913 | Abyss:5  | Noticed a spatial maelstrom
  7945 | Abyss:5  | HP: 24/71 [raiju/living lightning (17)]
  7953 | Abyss:5  | HP: 11/71 [raiju/living lightning (15)]
  7954 | Abyss:5  | Noticed a kraken
  7954 | Abyss:5  | XOM: summons 9 friendly demons
  7956 | D:8      | Escaped the Abyss
  7958 | D:8      | HP: 11/71 [phantom (1)]
  7974 | D:8      | Reached skill level 1 in Stealth
  8128 | D:8      | XOM: god gift: pair of runed boots {god gift}
  8189 | D:8      | XOM: draining
  8308 | D:8      | XOM: summons 4 hostile demons
  8352 | D:8      | XOM: cloud trail
  8523 | D:8      | Found Zypnigyph's Gadget Emporium.
  8524 | D:8      | Noticed Harold
  8525 | D:8      | XOM: divination: detect creatures
  8555 | D:8      | XOM: potion effect (haste)
  8570 | D:8      | XOM: divination: magic mapping
  8577 | D:8      | Killed Harold
  8577 | D:8      | Reached skill level 7 in Fighting
  9007 | D:8      | XOM: divination: detect creatures
  9012 | D:8      | Reached XP level 10. HP: 79/79 MP: 11/11
  9026 | D:8      | XOM: divination: magic mapping
  9038 | D:9      | XOM: harmless Pois miscast
  9042 | D:9      | XOM: cast spell 'Summon Ice Beast'
  9063 | D:9      | XOM: potion effect (haste)
  9130 | D:9      | Noticed Psyche
  9142 | D:9      | Killed Psyche
  9260 | D:9      | XOM: cast spell 'Statue Form'
  9269 | D:9      | XOM: give mutation
  9269 | D:9      | Lost mutation: You are resistant to hostile enchantments.
                  | (MR+) [Xom's mischief]
  9272 | D:9      | XOM: cast spell 'Summon Dragon'
  9277 | D:9      | XOM: summons 3 hostile demons
  9298 | D:9      | Reached skill level 8 in Fighting
  9397 | D:9      | Found a radiant altar of Vehumet.
  9496 | D:9      | Found a stormy altar of Qazlal.
  9528 | D:9      | Noticed a two-headed ogre
  9546 | D:9      | Killed a two-headed ogre
  9611 | D:9      | Noticed a two-headed ogre
  9621 | D:9      | Killed a two-headed ogre
  9621 | D:9      | Reached skill level 1 in Armour
  9704 | D:9      | XOM: harmless Tmut miscast
  9716 | D:9      | XOM: swap monsters
  9852 | D:9      | XOM: give mutations
  9852 | D:9      | Gained mutation: You are robust. (+10% HP) [Xom's mischief]
  9903 | D:9      | XOM: harmless Conj miscast
 10002 | D:9      | XOM: silly message
 10061 | D:10     | Entered Level 10 of the Dungeon
 10163 | D:10     | Reached skill level 1 in Evocations
 10165 | D:10     | Found a staircase to the Orcish Mines.
 10191 | D:10     | XOM: enchant monster (bad)
 10193 | D:10     | XOM: medium Tloc miscast
 10195 | D:10     | Reached XP level 11. HP: 95/95 MP: 13/13
 10264 | D:10     | XOM: stat loss: -1 Str (12/13)
 10362 | D:10     | Killed an unseen horror
 10362 | D:10     | Reached skill level 9 in Fighting
 10396 | D:10     | XOM: stat loss: -1 Int (10/11)
 10403 | D:10     | XOM: stat loss: -1 Int (9/11)
 10495 | D:10     | XOM: polymorph killer bee -> boggart
 10827 | D:10     | XOM: 3-stop teleportation journey
 10876 | D:10     | XOM: enchant monster (good)
 10909 | D:10     | Reached skill level 10 in Dodging
 10926 | D:10     | XOM: cast spell 'Summon Hydra'
 10946 | D:10     | XOM: confusion (+ monsters)
 10952 | D:10     | XOM: 3-stop teleportation journey
 11011 | D:10     | XOM: mild Fire miscast
 11215 | D:10     | XOM: summons 9 friendly demons
 11244 | D:10     | XOM: confusion (+ monsters)
 11265 | D:9      | XOM: cleaving
 11669 | D:10     | Found Laemu's Armour Shop.
 11677 | D:10     | XOM: destruction
 11730 | D:10     | XOM: give mutations
 11730 | D:10     | Lost mutation: You are robust. (+10% HP) [Xom's mischief]
 11730 | D:10     | Lost mutation: You are partially covered in thin metallic
                  | scales. (AC +2) [Xom's mischief]
 11730 | D:10     | Gained mutation: Your body sometimes deteriorates upon
                  | taking damage. [Xom's mischief]
 11797 | D:10     | XOM: give mutations
 11797 | D:10     | Lost mutation: Your body sometimes deteriorates upon taking
                  | damage. [Xom's mischief]
 11797 | D:10     | Gained mutation: You occasionally shout uncontrollably at
                  | your foes. [Xom's mischief]
 11797 | D:10     | Gained mutation: You are clumsy. (Dex -2) [Xom's mischief]
 11797 | D:10     | Lost mutation: You have an increased reservoir of magic.
                  | (+10% MP) [Xom's mischief]
 11905 | D:10     | XOM: summons 1 hostile demon
 11913 | D:10     | XOM: noise
 11924 | D:10     | XOM: harmless Fire miscast
 11935 | D:10     | XOM: polymorph orange demon -> ice devil
 11960 | D:10     | HP: 44/90 [orc warrior/+0 short sword (13)]
 11970 | D:10     | XOM: noise
 11972 | D:10     | HP: 44/90 [killer bee (3)]
 11979 | D:10     | XOM: chaos cloud
 11983 | D:10     | XOM: scenery: create altars
 11987 | D:10     | HP: 44/90 [fire vortex[you] (3)]
 11992 | D:10     | XOM: divine lightning
 11992 | D:10     | HP: 37/90 [fire vortex[you] (3)]
 11999 | D:10     | HP: 39/90 [spriggan/+0 short sword (4)]
 12004 | D:10     | HP: 32/90 [something (11)]
 12011 | D:10     | HP: 15/90 [something (6)]
 12014 | D:10     | HP: 6/90 [something (10)]
 12020 | D:10     | HP: 19/90 [something (12)]
 12164 | D:9      | XOM: give mutations
 12164 | D:9      | Gained mutation: You are partially covered in icy blue
                  | scales. (AC +2) [Xom's grace]
 12164 | D:9      | Lost mutation: You are clumsy. (Dex -2) [Xom's grace]
 12164 | D:9      | Gained mutation: You have a pair of small antennae on your
                  | head. [Xom's grace]
 12439 | D:10     | Found a roughly hewn altar of Beogh.
 12440 | D:10     | Got a translucent lead ring
 12442 | D:10     | Identified the ring "Xediemom" {rF+ Str+6} (You found it on
                  | level 10 of the Dungeon)
 12488 | D:10     | XOM: give mutations
 12488 | D:10     | Gained mutation: Your mind is acute. (Int +2) [Xom's grace]
 12488 | D:10     | Gained mutation: You are resistant to hostile enchantments.
                  | (MR+) [Xom's grace]
 12488 | D:10     | Gained mutation: You are partially covered in rugged brown
                  | scales. (AC +1, +3% HP) [Xom's grace]
 12551 | Orc:1    | Entered Level 1 of the Orcish Mines
 12593 | D:10     | XOM: summons friendly quasit
 12596 | D:10     | Reached skill level 10 in Fighting
 12687 | Orc:1    | Found a runed translucent gate.
 12688 | Orc:1    | Found a runed translucent gate.
 12696 | Orc:1    | Noticed doot's ghost (journeyman MfTm)
 12697 | Orc:1    | Found a runed translucent gate.
 12697 | Orc:1    | Noticed an ettin
 12787 | Orc:2    | Entered Level 2 of the Orcish Mines
 12788 | Orc:2    | XOM: divination: detect items
 12792 | Orc:2    | XOM: polymorph orc warrior -> swamp drake
 13021 | Orc:2    | XOM: divination: detect creatures
 13028 | Orc:2    | XOM: cleaving
 13114 | D:10     | Bought +1 swamp dragon scales for 798 gold pieces
 13150 | D:11     | Noticed a green ugly thing
 13155 | D:11     | XOM: cleaving
 13157 | D:11     | XOM: enchant monster (good)
 13167 | D:10     | XOM: polymorph green ugly thing -> red ugly thing
 13183 | D:10     | Killed a red ugly thing
 13400 | D:11     | XOM: polymorph hippogriff -> shapeshifter
 13492 | D:11     | XOM: give mutation
 13492 | D:11     | Gained mutation: You are clumsy. (Dex -2) [Xom's mischief]
 13560 | D:11     | Noticed a cyclops
 13571 | D:11     | XOM: divination: magic mapping
 13576 | D:11     | Found a staircase to the Lair.
 13582 | D:10     | XOM: summons 3 friendly demons
 13665 | D:11     | XOM: god gift: 12 gold pieces
 13687 | D:11     | Learned a level 1 spell: Apportation
 13788 | D:11     | XOM: cast spell 'Monstrous Menagerie'
 13793 | D:11     | Killed a cyclops
 13843 | D:11     | Found a transporter.
 13844 | D:11     | Found a transporter.
 13849 | D:11     | Noticed Esekla's ghost (novice FeWn)
 13871 | Lair:1   | XOM: noise
 13871 | Lair:1   | Entered Level 1 of the Lair of Beasts
 13881 | Lair:1   | XOM: polymorph black mamba -> spiny frog
 13906 | D:11     | Reached XP level 12. HP: 100/101 MP: 13/15
 14077 | Lair:1   | XOM: 1-stop teleportation journey
 14088 | Lair:1   | XOM: harmless Ice miscast
 14181 | Lair:1   | XOM: 2-stop teleportation journey
 14263 | Lair:1   | XOM: blink monster(s)
 14290 | Lair:1   | XOM: swap monsters
 14345 | Lair:1   | XOM: 4-stop teleportation journey
 14369 | Lair:1   | Got a bone war axe
 14370 | Lair:1   | Identified the +11 war axe "Ophuvvu" {freeze, MR- Str+4
                  | Int+5} (You found it on level 1 of the Lair of Beasts)
 14645 | Lair:1   | XOM: god gift: gnarled runed staff {god gift}
 14779 | Lair:1   | XOM: god gift: translucent golden amulet {god gift}
 14780 | Lair:1   | Got a translucent golden amulet {god gift}
 14782 | Lair:1   | Identified the amulet of Kadol {rN+ Regen+ Str+3 Int+2}
                  | (Xom gifted it to you on level 1 of the Lair of Beasts)
 14955 | Lair:1   | XOM: scenery: create altars
 14957 | Lair:1   | XOM: cleaving
 14978 | Lair:1   | Reached skill level 11 in Fighting
 15125 | Lair:1   | XOM: god gift: scroll of enchant weapon
 15130 | Lair:1   | XOM: god gift: peridot ring {god gift}
 15170 | Lair:1   | XOM: chaos cloud
 15207 | Lair:1   | XOM: chaos cloud
 15214 | Lair:1   | XOM: severe Hex miscast
 15241 | Lair:1   | XOM: noise
 15259 | Lair:1   | Gained mutation: Your body sometimes deteriorates upon
                  | taking damage. [mutagenic glow]
 15306 | Lair:1   | Gained mutation: Potions are less effective at restoring
                  | your health. [mutagenic glow]
 15328 | Lair:2   | XOM: stealth player
 15383 | Lair:2   | XOM: 4-stop teleportation journey
 15397 | Lair:2   | XOM: swap monsters
 15503 | Lair:2   | Got a transparent falchion
 15525 | Lair:2   | XOM: confusion (+ monsters)
 15879 | Lair:2   | XOM: medium Hex miscast
 15985 | Lair:2   | XOM: give mutations
 15985 | Lair:2   | Gained mutation: You expend magic power (3 MP) to
                  | strengthen your wands. [Xom's grace]
 15985 | Lair:2   | Gained mutation: You have a pair of antennae on your head.
                  | [Xom's grace]
 15985 | Lair:2   | Gained mutation: You are highly resistant to hostile
                  | enchantments. (MR++) [Xom's grace]
 15987 | Lair:2   | XOM: fog
 16023 | Lair:2   | Found a staircase to the Shoals.
 16053 | Lair:2   | XOM: enchant monster (good)
 16054 | Lair:2   | Reached skill level 5 in Evocations
 16119 | Lair:2   | XOM: divination: detect creatures
 16161 | Lair:2   | XOM: potion effect (haste)
 16163 | Lair:2   | XOM: enchant monster (good)
 16294 | Lair:2   | Noticed Sonja
 16301 | Lair:2   | Killed Sonja
 16438 | Lair:2   | XOM: summons 2 hostile demons
 16520 | Lair:2   | XOM is BORED!
 16520 | Lair:2   | XOM: medium Summ miscast
 16575 | Lair:2   | XOM: medium Pois miscast
 16625 | Lair:2   | XOM: enchant monster (good)
 16729 | Lair:3   | XOM: silly message
 16750 | Lair:3   | Reached skill level 5 in Stealth
 16832 | Lair:3   | XOM: scenery: create altars
 16892 | Lair:3   | XOM: summons 4 friendly demons
 16895 | Lair:3   | XOM: enchant monster (good)
 16910 | Lair:3   | XOM: summons 3 friendly demons
 16911 | Lair:3   | Reached XP level 13. HP: 110/110 MP: 17/17
 16911 | Lair:3   | XOM: divination: detect items
 16913 | Lair:3   | XOM: polymorph quasit -> crimson imp
 16925 | Lair:3   | XOM: noise
 16941 | Lair:3   | Reached skill level 12 in Fighting
 16982 | Lair:3   | XOM: cast spell 'Ring of Flames'
 17024 | Lair:3   | XOM: 2-stop teleportation journey
 17299 | Lair:3   | XOM: confuse monster(s)
 17618 | Lair:3   | XOM: harmless Chrm miscast
 17772 | Lair:4   | Found a staircase to the Snake Pit.
 17801 | Lair:4   | XOM: noise
 17819 | Lair:4   | XOM: summons 5 hostile demons
 17829 | Lair:4   | XOM: polymorph iron imp -> shadow imp
 17841 | Lair:4   | XOM: confuse monster(s)
 17858 | Lair:4   | XOM: harmless Chrm miscast
 17862 | Lair:4   | XOM: potion effect (agility)
 17866 | Lair:4   | Reached skill level 5 in Armour
 17874 | Lair:4   | XOM: mild Summ miscast
 18028 | Lair:4   | Noticed a fire dragon
 18039 | Lair:4   | XOM: potion effect (invisibility)
 18048 | Lair:4   | XOM: cast spell 'Leda's Liquefaction'
 18076 | Lair:4   | XOM: divination: detect creatures
 18077 | Lair:4   | Killed a fire dragon
 18114 | Lair:4   | Got a faintly glowing morningstar
 18116 | Lair:4   | Identified the +3 morningstar of the Coward {drain, Str+4}
                  | (You found it on level 4 of the Lair of Beasts)
 18277 | Lair:4   | XOM: harmless Conj miscast
 18601 | Lair:4   | You fall through a shaft for 2 floors!
 18601 | Lair:6   | Entered Level 6 of the Lair of Beasts
 18611 | Lair:6   | Found a staircase to the Slime Pits.
 18697 | Lair:6   | Reached skill level 13 in Fighting
 18719 | Lair:6   | XOM: divine lightning
 18730 | Lair:6   | XOM: give mutation
 18730 | Lair:6   | Lost mutation: You are partially covered in icy blue
                  | scales. (AC +2) [Xom's mischief]
 18736 | Lair:6   | XOM: harmless Necr miscast
 18751 | Lair:5   | XOM: give mutation
 18751 | Lair:5   | Lost mutation: Potions are less effective at restoring your
                  | health. [Xom's mischief]
 18769 | Lair:5   | XOM: give mutations
 18769 | Lair:5   | Lost mutation: You are clumsy. (Dex -2) [Xom's mischief]
 18769 | Lair:5   | Lost mutation: Your body sometimes deteriorates upon taking
                  | damage. [Xom's mischief]
 18769 | Lair:5   | Lost mutation: You expend magic power (3 MP) to strengthen
                  | your wands. [Xom's mischief]
 18769 | Lair:5   | Gained mutation: Scrolls take you a little longer to read.
                  | [Xom's mischief]
 19047 | Lair:5   | XOM: confusion (+ monsters)
 19081 | Lair:5   | XOM: polymorph blink frog -> ice beast
 19102 | Lair:5   | XOM: fake destruction
 19437 | Lair:5   | XOM: divination: detect creatures
 19638 | Shoals:1 | Entered Level 1 of the Shoals
 19647 | Shoals:1 | XOM: enchant monster (good)
 19652 | Shoals:1 | Reached skill level 10 in Shields
 19801 | Shoals:3 | Noticed a merfolk impaler
 19803 | Shoals:3 | XOM: potion effect (berserk rage)
 19818 | Shoals:3 | Killed a merfolk impaler
 19821 | Shoals:3 | XOM: divination: detect items
 19855 | Shoals:3 | Noticed a merfolk javelineer
 19888 | Shoals:2 | XOM: harmless Conj miscast
 19913 | Shoals:2 | Noticed a merfolk impaler
 19931 | Shoals:2 | XOM: divination: detect items
 19941 | Lair:2   | XOM: noise
 20057 | Lair:5   | XOM: medium Tloc miscast
 20081 | Lair:6   | XOM: snakes to sticks
 20214 | Lair:6   | Reached XP level 14. HP: 105/122 MP: 18/18
 20384 | Lair:6   | XOM: harmless Pois miscast
 20390 | Lair:6   | Noticed Josephine
 20395 | Lair:6   | XOM: scenery: create altars
 20399 | Lair:6   | XOM: scenery: create altars
 20406 | Lair:6   | Killed Josephine
 20406 | Lair:6   | Reached skill level 1 in Translocations
 20433 | Lair:6   | XOM: god gift: 45 gold pieces
 20477 | Lair:6   | Reached skill level 14 in Fighting
 20606 | Lair:6   | XOM: scenery: create altars
 20639 | Lair:6   | XOM: god gift: phantom mirror
 20774 | Lair:6   | XOM: polymorph death yak -> queen ant
 20794 | Lair:6   | XOM: confuse monster(s)
 20802 | Lair:6   | XOM: polymorph yak -> glowing shapeshifter
 20823 | Lair:6   | XOM: divine lightning
 20990 | Lair:6   | XOM: cast spell 'Chain of Chaos'
 21009 | Lair:6   | XOM: cleaving
 21160 | Lair:6   | XOM: 4-stop teleportation journey
 21194 | Lair:6   | XOM: cloud trail
 21221 | Lair:6   | XOM: scenery: create altars
 21270 | Lair:6   | XOM: god gift: 52 gold pieces
 21699 | D:11     | XOM: god gift: 43 gold pieces
 21744 | D:11     | XOM: scenery: create altars
 21753 | D:11     | Killed Esekla's ghost
 21763 | D:11     | Paralysed by a hornet for 2 turns
 21765 | D:11     | HP: 57/124 [hornet (7)]
 21770 | D:11     | XOM: confuse monster(s)
 21772 | D:11     | HP: 57/124 [poisoned by a killer bee]
 21774 | D:11     | XOM: cast spell 'Death Channel'
 21780 | D:11     | HP: 60/124 [poisoned by a killer bee]
 21785 | D:11     | HP: 61/124 [poisoned by a killer bee]
 22021 | D:11     | XOM: silly message
 22143 | Orc:1    | XOM: divination: magic mapping
 22166 | D:10     | XOM: cast spell 'Shadow Creatures'
 22169 | D:10     | Killed doot's ghost
 22260 | Orc:1    | XOM: cloud trail
 22308 | Orc:2    | Found a staircase to the Elven Halls.
 22605 | Orc:2    | XOM: swap monsters
 22612 | Orc:2    | XOM: divination: detect creatures
 22618 | Orc:2    | XOM: scenery: create altars
 22648 | Orc:2    | XOM: summons friendly crimson imp
 22675 | Orc:2    | XOM: enchant monster (good)
 22685 | Orc:2    | Found Lukoix's Armour Shoppe.
 22697 | Orc:2    | XOM: fake destruction
 22699 | Orc:2    | XOM: enchant monster (good)
 22714 | Orc:2    | XOM: divine lightning
 22722 | Orc:2    | XOM: cleaving
 22728 | Orc:2    | Identified Koyddem's Disquisition on Unholy Rituals (Xom
                  | gifted it to you on level 2 of the Orcish Mines)
 22728 | Orc:2    | XOM: god gift: Koyddem's Disquisition on Unholy Rituals
 22832 | Orc:2    | XOM: potion effect (curing)
 22843 | Orc:2    | Reached skill level 15 in Fighting
 22848 | Orc:2    | Reached XP level 15. HP: 97/132 MP: 19/19
 22862 | Orc:2    | XOM: god gift: 23 arrows
 22945 | Orc:2    | Found Ajaat's Gadget Emporium.
 22949 | Orc:2    | Found a roughly hewn altar of Beogh.
 22953 | Orc:2    | XOM: scenery: create altars
 22965 | Orc:2    | Found Zym Qatofocs's Assorted Antiques.
 22975 | Orc:2    | Found Wexkim's Jewellery Emporium.
 23098 | Orc:2    | Bought a scroll of fear for 98 gold pieces
 23528 | D:12     | Noticed Rupert
 23670 | D:12     | Found an ancient bone altar of Kikubaaqudgha.
 23684 | D:12     | Learned a level 2 spell: Blink
 23805 | D:12     | XOM: noise
 23824 | D:12     | XOM: give mutations
 23824 | D:12     | Lost mutation: You occasionally shout uncontrollably at
                  | your foes. [Xom's mischief]
 23824 | D:12     | Lost mutation: Scrolls take you a little longer to read.
                  | [Xom's mischief]
 23824 | D:12     | Lost mutation: Your mind is acute. (Int +2) [Xom's
                  | mischief]
 23824 | D:12     | Lost mutation: You have a pair of antennae on your head.
                  | [Xom's mischief]
 23825 | D:12     | XOM: harmless Conj miscast
 23868 | D:12     | XOM: summons 2 hostile shadow creatures
 23982 | D:12     | Found Negaoh's Jewellery Shop.
 23991 | D:12     | XOM: 3-stop teleportation journey
 23997 | D:12     | XOM: blink monster(s)
 24070 | D:12     | Found Xeblev's Antique Armour Shoppe.
 24120 | D:12     | XOM: harmless Ice miscast
 24123 | D:12     | XOM is BORED!
 24127 | D:12     | Found Poryla Ware's Assorted Antiques.
 24135 | D:12     | Bought a scroll of enchant weapon for 247 gold pieces
 24136 | D:12     | Bought a potion of haste for 330 gold pieces
 24136 | D:12     | Bought a scroll of magic mapping for 115 gold pieces
 24241 | D:12     | Found Kimang's Weapon Shop.
 24254 | D:12     | Noticed Maurice
 24275 | D:12     | Killed Maurice
 24453 | D:12     | XOM: swap monsters
 24458 | D:12     | Killed Rupert
 24660 | D:12     | XOM: confusion
 24667 | D:12     | XOM: harmless Hex miscast
 24670 | D:12     | HP: 50/132 [something (20)]
 24852 | D:13     | XOM: silly message
 24854 | D:13     | XOM: chaos upgrade
 24887 | D:13     | XOM: chaos upgrade
 25048 | D:13     | XOM: severe Pois miscast
 25163 | D:13     | XOM: summons 3 hostile shadow creatures
 25329 | D:13     | XOM: confusion (+ monsters)
 25333 | D:13     | XOM: enchant monster (good)
 25347 | D:13     | XOM: destruction
 25409 | D:13     | XOM: scenery: create altars
 25426 | D:13     | XOM: confuse monster(s)
 25437 | D:13     | XOM: confusion (+ monsters)
 25442 | D:13     | Reached skill level 16 in Fighting
 25504 | D:13     | XOM: confuse monster(s)
 25560 | D:13     | Reached skill level 5 in Translocations
 25567 | D:13     | Reached skill level 15 in Dodging
 25650 | D:13     | Identified a scroll of acquirement
 25792 | D:13     | Found a gate to the Vaults.
 25833 | D:13     | XOM: cloud trail
 25910 | D:14     | XOM: polymorph worker ant -> killer bee
 25957 | D:14     | XOM: destruction
 25976 | D:14     | XOM: polymorph hippogriff -> black mamba
 25987 | D:14     | Reached skill level 1 in Spellcasting
 25996 | D:14     | Reached XP level 16. HP: 142/142 MP: 20/20
 26001 | D:14     | XOM: scenery: 2 doors open
 26137 | D:14     | Found a basalt altar of Yredelemnul.
 26186 | D:14     | XOM: summons friendly ufetubus
 26323 | D:14     | Found a snail-covered altar of Cheibriados.
 26460 | D:14     | XOM: give mutations
 26460 | D:14     | Gained mutation: You are partially covered in iridescent
                  | scales. (AC +2) [Xom's grace]
 26460 | D:14     | Gained mutation: You are agile. (Dex +2) [Xom's grace]
 26681 | D:14     | XOM: give mutations
 26681 | D:14     | Gained mutation: You are robust. (+10% HP) [Xom's grace]
 26681 | D:14     | Gained mutation: You passively map a small area around you.
                  | [Xom's grace]
 26681 | D:14     | Gained mutation: You expend magic power (3 MP) to
                  | strengthen your wands. [Xom's grace]
 26681 | D:14     | Gained mutation: You passively map the area around you.
                  | [Xom's grace]
 26687 | D:15     | Entered Level 15 of the Dungeon
 26707 | D:15     | XOM: potion effect (agility)
 26748 | D:15     | XOM: scenery: create altars
 26786 | D:15     | XOM: 1-stop teleportation journey
 26813 | D:15     | XOM: summons 3 friendly demons
 26814 | D:15     | XOM: divination: detect items
 26889 | D:15     | XOM: god gift: scroll of fog
 26891 | D:15     | XOM: summons 4 friendly demons
 26901 | D:15     | XOM: confuse monster(s)
 26976 | D:15     | XOM: confuse monster(s)
 26978 | D:15     | XOM: enchant monster (good)
 26987 | D:15     | XOM: polymorph two-headed ogre -> shining eye
 26992 | D:15     | XOM: summons 12 friendly demons
 27031 | D:15     | Found a staircase to the Depths.
 27162 | D:15     | XOM: god gift: 16 gold pieces
 27176 | D:15     | XOM: silly message
 27205 | D:15     | XOM: summons 2 hostile shadow creatures
 27231 | D:15     | XOM: blink monster(s)
 27323 | D:15     | XOM: divination: detect items
 27549 | D:15     | Got a slimy ring mail
 27588 | D:15     | XOM: harmless Erth miscast
 27592 | D:15     | XOM: divination: detect creatures
 27594 | D:15     | XOM: summons 4 hostile demons
 27608 | D:15     | XOM: mild Ice miscast
 27610 | D:15     | XOM: summons 2 friendly demons
 27703 | D:15     | XOM: cleaving
 27707 | D:14     | XOM: summons friendly shadow imp
 28499 | Shoals:1 | XOM: silly message
 28620 | Shoals:1 | Identified the +2 ring mail of Autumn {Str+4 Stlth+} (You
                  | found it on level 15 of the Dungeon)
 28672 | Shoals:1 | XOM: divination: detect items
 28726 | Shoals:1 | Found a blossoming altar of Fedhas.
 28740 | Shoals:1 | Found Orchonk's General Store.
 28763 | Shoals:1 | Bought a wand of acid (11) for 480 gold pieces
 28796 | Shoals:1 | Reached skill level 17 in Fighting
 29191 | Shoals:2 | You fall through a shaft!
 29286 | Shoals:3 | XOM: cast spell 'Summon Horrible Things'
 29437 | Shoals:2 | XOM is BORED!
 29437 | Shoals:2 | XOM: give mutations
 29437 | Shoals:2 | Lost mutation: You passively map the area around you.
                  | [Xom's mischief]
 29437 | Shoals:2 | Gained mutation: You are weak. (Str -2) [Xom's mischief]
 29437 | Shoals:2 | Lost mutation: You have a pair of small antennae on your
                  | head. [Xom's mischief]
 29482 | Shoals:2 | XOM: confuse monster(s)
 29544 | Shoals:2 | XOM: confuse monster(s)
 29613 | Shoals:2 | XOM: polymorph sea snake -> swamp dragon
 29655 | Shoals:2 | Noticed a kraken
 29663 | Shoals:2 | XOM: enchant monster (good)
 29664 | Shoals:2 | XOM: blink monster(s)
 29685 | Shoals:2 | Killed a kraken
 29803 | Shoals:2 | XOM: give mutations
 29803 | Shoals:2 | Gained mutation: You are partially covered in slimy green
                  | scales. (AC +2) [Xom's grace]
 29803 | Shoals:2 | Lost mutation: You are weak. (Str -2) [Xom's grace]
 29803 | Shoals:2 | Gained mutation: You are very robust. (+20% HP) [Xom's
                  | grace]
 29968 | Shoals:2 | XOM: give mutation
 29968 | Shoals:2 | Gained mutation: You possess an exceptional clarity of
                  | mind. [Xom's grace]
 30084 | Shoals:2 | XOM: give mutations
 30084 | Shoals:2 | Gained mutation: Your flesh is heat resistant. (rF+) [Xom's
                  | grace]
 30084 | Shoals:2 | Gained mutation: You evolve. [Xom's grace]
 30084 | Shoals:2 | Gained mutation: You are very agile. (Dex +4) [Xom's grace]
 30252 | Shoals:3 | XOM: polymorph harpy -> raiju
 30276 | Shoals:3 | Noticed a kraken
 30282 | Shoals:3 | XOM: fog
 30293 | Shoals:3 | HP: 79/173 [tentacle[a kraken] (20)]
 30294 | Shoals:3 | XOM: potion effect (invisibility)
 30316 | Shoals:3 | XOM: harmless Hex miscast
 30334 | Shoals:3 | HP: 75/173 [tentacle[a kraken] (8)]
 30336 | Shoals:3 | XOM: potion effect (heal wounds)
 30339 | Shoals:3 | HP: 84/173 [tentacle[a kraken] (8)]
 30342 | Shoals:3 | Killed a kraken
 30342 | Shoals:3 | Reached XP level 17. HP: 78/182 MP: 23/23
 30615 | Shoals:3 | XOM: potion effect (haste)
 30744 | Shoals:3 | XOM: silly message
 30831 | Shoals:3 | XOM: divination: detect items
 30842 | Shoals:3 | XOM: polymorph manticore -> elephant
 31009 | Shoals:3 | XOM: medium Hex miscast
 31153 | Shoals:4 | Entered Level 4 of the Shoals
 31182 | Shoals:4 | XOM: polymorph cyclops -> death drake
 31502 | Shoals:4 | Reached skill level 18 in Fighting
 31538 | Shoals:4 | XOM: enchant monster (bad)
 31564 | Shoals:4 | XOM: scenery: create altars
 31571 | Shoals:4 | XOM: god gift: spiked chain mail {god gift}
 31579 | Shoals:4 | Got a spiked chain mail {god gift}
 31580 | Shoals:4 | Identified the +0 chain mail of the Barracuda {rPois} (Xom
                  | gifted it to you on level 4 of the Shoals)
 31753 | Shoals:4 | XOM: medium Erth miscast
 31879 | Shoals:4 | XOM: destruction
 31937 | Shoals:4 | XOM: confuse monster(s)
 31944 | Shoals:4 | XOM: cleaving
 31955 | Shoals:4 | XOM: god gift: broad axe {god gift}
 31980 | Shoals:4 | XOM: summons friendly crimson imp
 31991 | Shoals:4 | XOM: smoke on damage
 32002 | Shoals:4 | Got a barnacled rune of Zot
 32101 | Shoals:4 | XOM: god gift: oblong paperback book {god gift}
 32144 | Shoals:4 | Learned a level 4 spell: Summon Lightning Spire
 32407 | Shoals:4 | XOM: cast spell 'Cause Fear'
 32430 | Shoals:4 | Got a pair of slimy boots
 32441 | Shoals:4 | Identified the +3 pair of boots "Igy Mieq" {rElec rPois rN+
                  | MR-} (You found it on level 4 of the Shoals)
 32537 | Lair:4   | XOM: cloud trail
 32567 | Snake:1  | Entered Level 1 of the Snake Pit
 32604 | Snake:1  | XOM: 1-stop teleportation journey
 32613 | Snake:1  | XOM: cleaving
 32758 | Lair:4   | XOM: give mutations
 32758 | Lair:4   | Gained mutation: Your flesh is very heat resistant. (rF++)
                  | [Xom's grace]
 32758 | Lair:4   | Gained mutation: Your muscles are strong. (Str +2) [Xom's
                  | grace]
 32758 | Lair:4   | Gained mutation: You have an increased reservoir of magic.
                  | (+10% MP) [Xom's grace]
 32758 | Lair:4   | Gained mutation: You are extremely resistant to the effects
                  | of hostile enchantments. (MR+++) [Xom's grace]
 32830 | Snake:1  | XOM: scenery: create altars
 32832 | Snake:1  | HP: 92/185 [poisoned by a naga mage (bolt of poison)]
 32837 | Snake:1  | HP: 90/185 [poisoned by a naga mage (bolt of poison)]
 32841 | Snake:1  | XOM: polymorph naga sharpshooter -> redback
 32844 | Snake:1  | HP: 90/185 [poisoned by a naga mage (bolt of poison)]
 32849 | Snake:1  | HP: 91/185 [poisoned by a naga mage (bolt of poison)]
 33020 | Snake:1  | XOM: 5-stop teleportation journey
 33043 | Snake:1  | Got a scorched dagger
 33113 | Snake:1  | XOM: polymorph mana viper -> hippogriff
 33118 | Snake:1  | Noticed Frances
 33129 | Snake:2  | XOM: potion effect (invisibility)
 33146 | Snake:2  | XOM: enchant monster (bad)
 33154 | Snake:2  | XOM: enchant monster (bad)
 33285 | Snake:2  | XOM: snakes to sticks
 33290 | Snake:2  | XOM: 3-stop teleportation journey
 33362 | Snake:2  | XOM: fake destruction
 33371 | Snake:2  | XOM: divination: magic mapping
 33387 | Snake:2  | XOM: give mutations
 33387 | Snake:2  | Gained mutation: You have a pair of small horns on your
                  | head. [Xom's grace]
 33387 | Snake:2  | Lost mutation: You evolve. [Xom's grace]
 33387 | Snake:2  | Gained mutation: You are somewhat resistant to further
                  | mutation. [Xom's grace]
 33387 | Snake:2  | Lost mutation: You are somewhat resistant to further
                  | mutation. [Xom's grace]
 33387 | Snake:2  | Gained mutation: You evolve. [Xom's grace]
 33387 | Snake:2  | Gained mutation: Your mind is acute. (Int +2) [Xom's grace]
 33397 | Snake:2  | Reached XP level 18. HP: 187/194 MP: 26/26
 33468 | Snake:2  | XOM: silly message
 33662 | Snake:2  | XOM: cast spell 'Statue Form'
 33690 | Snake:2  | Learned a level 2 spell: Swiftness
 33695 | Snake:2  | Learned a level 4 spell: Passage of Golubria
 34035 | Snake:3  | XOM: potion effect (might)
 34220 | Snake:3  | Reached skill level 19 in Fighting
 34223 | Snake:3  | XOM: 8-stop teleportation journey
 34246 | Snake:3  | XOM: cloud trail
 34279 | Snake:3  | XOM: god gift: scroll of fear
 34368 | Snake:3  | Got a flickering platinum ring
 34369 | Snake:3  | Identified the ring of the Solstice {rF++ rN+ MR- AC+3}
                  | (You found it on level 3 of the Snake Pit)
 34429 | Snake:3  | XOM: confuse monster(s)
 34622 | Snake:3  | XOM: divine lightning
 34791 | Snake:4  | Entered Level 4 of the Snake Pit
 34797 | Snake:4  | Gained mutation: Your natural rate of healing is unusually
                  | fast. [evolution]
 34855 | Snake:4  | XOM is BORED!
 34855 | Snake:4  | XOM: chaos upgrade
 34966 | Snake:4  | XOM: fog
 35066 | Snake:4  | XOM: give mutations
 35066 | Snake:4  | Gained mutation: You have a pair of horns on your head.
                  | [Xom's grace]
 35066 | Snake:4  | Lost mutation: You evolve. [Xom's grace]
 35066 | Snake:4  | Gained mutation: You are somewhat resistant to further
                  | mutation. [Xom's grace]
 35066 | Snake:4  | Gained mutation: Your mind is very acute. (Int +4) [Xom's
                  | grace]
 35066 | Snake:4  | Gained mutation: You are somewhat resistant to both further
                  | mutation and mutation removal. [Xom's grace]
 35174 | Snake:4  | XOM: scenery: 2 doors close
 35324 | Snake:4  | XOM: summons friendly white imp
 35512 | Snake:4  | XOM: give mutation
 35512 | Snake:4  | Gained mutation: Your flesh is cold resistant. (rC+) [Xom's
                  | grace]
 35625 | Snake:4  | XOM: confuse monster(s)
 35668 | Snake:4  | XOM: polymorph naga sharpshooter -> wind drake
 35698 | Snake:4  | XOM: swap monsters
 35829 | Snake:4  | Reached skill level 1 in Charms
 36099 | Snake:4  | XOM: confuse monster(s)
 36102 | Snake:4  | XOM: snakes to sticks
 36113 | Snake:4  | XOM: destruction
 36193 | Snake:4  | Got a serpentine rune of Zot
 36341 | Snake:1  | XOM: cast spell 'Summon Horrible Things'
 36350 | Snake:1  | Killed Frances
 36350 | Snake:1  | Reached XP level 19. HP: 206/206 MP: 28/28
 36488 | Snake:1  | Found Fiheh's Magic Scroll Shoppe.
 36496 | Snake:1  | Bought a scroll of blinking for 112 gold pieces
 36496 | Snake:1  | Bought a scroll of teleportation for 45 gold pieces
 36496 | Snake:1  | Bought a scroll of fear for 52 gold pieces
 36496 | Snake:1  | Bought a scroll of magic mapping for 52 gold pieces
 36496 | Snake:1  | Bought a scroll of vulnerability for 112 gold pieces
 36496 | Snake:1  | Bought a scroll of fog for 30 gold pieces
 36873 | Lair:1   | XOM: divination: detect items
 36994 | Vaults:1 | Entered Level 1 of the Vaults
 37009 | Vaults:1 | XOM: polymorph rakshasa -> hell hog
 37012 | Vaults:1 | XOM: enchant monster (good)
 37023 | Vaults:1 | XOM: destruction
 37024 | Vaults:1 | XOM: summons friendly soul eater
 37034 | Vaults:1 | XOM: destruction
 37040 | Vaults:1 | XOM: cast spell 'Discord'
 37065 | Vaults:1 | Reached skill level 20 in Fighting
 37175 | Vaults:1 | Reached skill level 10 in Evocations
 37244 | Vaults:1 | XOM: summons 4 friendly demons
 37329 | Vaults:1 | Reached skill level 15 in Shields
 37397 | Vaults:1 | XOM: god gift: 34 gold pieces
 37511 | Vaults:1 | Reached skill level 1 in Air Magic
 37529 | Vaults:1 | Reached skill level 1 in Summonings
 37529 | Vaults:1 | XOM: cast spell 'Call Canine Familiar'
 37715 | Vaults:1 | XOM: fog
 37795 | Vaults:1 | XOM: cleaving
 37852 | Vaults:1 | XOM: 2-stop teleportation journey
 38005 | Vaults:1 | Reached skill level 5 in Spellcasting
 38121 | Vaults:1 | Learned a level 6 spell: Statue Form
 38499 | Vaults:2 | Found Poawemn's Assorted Antiques.
 38502 | Vaults:2 | Bought a tubular moonstone ring for 120 gold pieces
 38502 | Vaults:2 | Bought a scroll of teleportation for 72 gold pieces
 38610 | Vaults:2 | XOM: fake destruction
 38613 | Vaults:2 | XOM: stat loss: -1 Dex (23/24)
 38618 | Vaults:2 | XOM: harmless Conj miscast
 38631 | Vaults:2 | XOM: give mutation
 38631 | Vaults:2 | Lost mutation: You possess an exceptional clarity of mind.
                  | [Xom's mischief]
 38697 | Vaults:2 | XOM: smoke on damage
 38700 | Vaults:2 | XOM: harmless Tloc miscast
 38968 | Vaults:2 | XOM: 4-stop teleportation journey
 38972 | Vaults:2 | XOM: mild Tloc miscast
 38974 | Vaults:2 | XOM: confusion (+ monsters)
 38975 | Vaults:2 | XOM: polymorph harpy -> guardian serpent
 38978 | Vaults:2 | XOM: mild Pois miscast
 39038 | Vaults:2 | XOM: medium Summ miscast
 39271 | Vaults:2 | XOM: polymorph death knight -> satyr
 39276 | Vaults:2 | XOM: mild Pois miscast
 39277 | Vaults:2 | XOM: mild Fire miscast
 39281 | Vaults:2 | XOM: harmless Summ miscast
 39520 | Vaults:2 | XOM: blink monster(s)
 39533 | Vaults:2 | XOM: summons 6 hostile demons
 39536 | Vaults:2 | XOM: noise
 39542 | Vaults:2 | XOM: noise
 39551 | Vaults:2 | XOM: chaos cloud
 39561 | Vaults:2 | XOM: chaos upgrade
 39585 | Vaults:2 | XOM: blink monster(s)
 39598 | Vaults:2 | XOM: summons 11 friendly demons
 39911 | Vaults:3 | XOM: harmless Necr miscast
 39912 | Vaults:3 | XOM: 4-stop teleportation journey
 39937 | Vaults:3 | Reached XP level 20. HP: 203/216 MP: 31/31
 39944 | Vaults:3 | XOM: give mutations
 39944 | Vaults:3 | Lost mutation: You are extremely resistant to the effects
                  | of hostile enchantments. (MR+++) [Xom's mischief]
 39944 | Vaults:3 | Lost mutation: You expend magic power (3 MP) to strengthen
                  | your wands. [Xom's mischief]
 39953 | Vaults:3 | XOM: 1-stop teleportation journey
 39968 | Vaults:3 | Reached skill level 5 in Charms
 39977 | Vaults:3 | Reached skill level 5 in Air Magic
 39984 | Vaults:3 | XOM: confusion (+ monsters)
 39995 | Vaults:3 | XOM: fog
 40002 | Vaults:3 | XOM: potion effect (berserk rage)
 40067 | Vaults:3 | XOM: give mutations
 40067 | Vaults:3 | Gained mutation: You are extremely robust. (+30% HP) [Xom's
                  | grace]
 40067 | Vaults:3 | Gained mutation: You are resistant to electric shocks.
                  | (rElec) [Xom's grace]
 40067 | Vaults:3 | Gained mutation: You expend magic power (3 MP) to
                  | strengthen your wands. [Xom's grace]
 40067 | Vaults:3 | Gained mutation: Your flesh is almost immune to the effects
                  | of heat. (rF+++) [Xom's grace]
 40244 | Vaults:3 | XOM: fake destruction
 40350 | Vaults:3 | XOM: polymorph fire dragon -> slime creature
 40353 | Vaults:3 | XOM: divination: magic mapping
 40552 | Vaults:3 | XOM: silly message
 40555 | Vaults:3 | XOM: mild Air miscast
 40579 | Vaults:3 | Reached skill level 5 in Summonings
 40611 | Vaults:3 | XOM: summons friendly crimson imp
 40612 | Vaults:3 | XOM: noise
 40646 | Vaults:3 | XOM: mild Air miscast
 40783 | Vaults:3 | Found Enukhlau's Antique Weapon Emporium.
 40823 | Vaults:3 | XOM: summons friendly white imp
 40834 | Vaults:3 | Learned a level 5 spell: Aura of Abjuration
 40844 | Vaults:3 | Paralysed by a wizard for 6 turns
 40869 | Vaults:3 | XOM: cleaving
 40873 | Vaults:3 | XOM: give mutation
 40873 | Vaults:3 | Gained mutation: You passively map the area around you.
                  | [Xom's grace]
 40877 | Vaults:3 | Reached skill level 1 in Transmutations
 41190 | Vaults:3 | Identified the +4 hand crossbow of Gozag's Outrage {venom,
                  | Str+4}
 41210 | Vaults:3 | XOM: confuse monster(s)
 41332 | Vaults:3 | XOM: scenery: 2 doors close
 41423 | Vaults:3 | Found a staircase to the Crypt.
 41440 | Vaults:3 | XOM: fog
 41486 | Vaults:3 | XOM: god gift: scroll of immolation
 41590 | Vaults:4 | XOM: summons 4 friendly demons
 41594 | Vaults:4 | XOM: cleaving
 41611 | Vaults:4 | XOM: polymorph vault warden -> azure jelly
 41748 | Vaults:4 | XOM: cleaving
 41751 | Vaults:4 | XOM: divination: detect creatures
 41758 | Vaults:4 | XOM: polymorph vault warden -> iron troll
 41766 | Vaults:4 | XOM: cast spell 'Call Canine Familiar'
 41830 | Vaults:4 | XOM: swap monsters
 41852 | Vaults:4 | XOM: enchant monster (bad)
 41866 | Vaults:4 | Reached XP level 21. HP: 219/243 MP: 33/35
 41875 | Vaults:4 | XOM: polymorph vault warden -> shapeshifter
 41889 | Vaults:4 | XOM: summons friendly iron imp
 41893 | Vaults:4 | Reached skill level 5 in Transmutations
 41899 | Vaults:4 | XOM: summons 15 friendly demons
 41986 | Vaults:4 | XOM: confuse monster(s)
 42021 | Vaults:4 | XOM: cast spell 'Cause Fear'
 42026 | Vaults:4 | XOM: divination: magic mapping
 42036 | Vaults:4 | XOM: summons 7 hostile demons
 42042 | Vaults:4 | XOM: cast spell 'Summon Butterflies'
 42057 | Vaults:4 | HP: 116/243 [tengu reaver/+3 great mace of protection (12)]
 42088 | Vaults:4 | HP: 109/243 [poisoned by a deep elf knight]
 42093 | Vaults:4 | HP: 107/243 [poisoned by a deep elf knight]
 42096 | Vaults:4 | XOM: fog
 42098 | Vaults:4 | HP: 109/243 [poisoned by a deep elf knight]
 42103 | Vaults:4 | HP: 112/243 [poisoned by a deep elf knight]
 42112 | Vaults:4 | HP: 118/243 [poisoned by a deep elf knight]
 42117 | Vaults:4 | XOM: mild Necr miscast
 42117 | Vaults:4 | HP: 103/243 [tengu reaver/+3 battleaxe[Sojobo] (10)]
 42123 | Vaults:4 | HP: 84/243 [poisoned by a deep elf knight]
 42136 | Vaults:4 | HP: 80/243 [ice dragon/blast of cold (24)]
 42142 | Vaults:4 | HP: 84/243 [tengu reaver/+3 great mace of protection (1)]
 42150 | Vaults:4 | HP: 70/243 [ice dragon/blast of cold (14)]
 42156 | Vaults:4 | HP: 70/243 [ice dragon (6)]
 42234 | Vaults:3 | XOM: give mutations
 42234 | Vaults:3 | Lost mutation: You are resistant to electric shocks.
                  | (rElec) [Xom's mischief]
 42234 | Vaults:3 | Lost mutation: You are partially covered in iridescent
                  | scales. (AC +2) [Xom's mischief]
 42234 | Vaults:3 | Lost mutation: You are very agile. (Dex +4) [Xom's
                  | mischief]
 42340 | Vaults:4 | Reached skill level 1 in Earth Magic
 42508 | Vaults:4 | XOM: mild Tmut miscast
 42595 | Vaults:4 | XOM: confuse monster(s)
 42615 | Vaults:4 | XOM: cast spell 'Disjunction'
 42713 | Vaults:4 | XOM: summons 1 hostile demon
 42833 | Vaults:4 | Found a shimmering altar of Xom.
 42834 | Vaults:4 | Noticed Sojobo
 42839 | Vaults:4 | XOM: enchant monster (bad)
 42840 | Vaults:4 | XOM: harmless Chrm miscast
 42849 | Vaults:4 | XOM: confusion
 42854 | Vaults:4 | Killed Sojobo
 42856 | Vaults:4 | XOM: enchant monster (bad)
 42864 | Vaults:4 | XOM: enchant monster (good)
 43183 | Vaults:4 | XOM: god gift: 33 arrows
 43380 | Vaults:2 | XOM: summons 3 hostile shadow creatures
 43602 | Elf:1    | Entered Level 1 of the Elven Halls
 43730 | Elf:1    | Got a shimmering copper ring
 43731 | Elf:1    | Identified the ring "Zyerroma" {*Tele rF- rC++} (You found
                  | it on level 1 of the Elven Halls)
 43852 | Elf:1    | XOM: god gift: wand of disintegration (12)
 43902 | Elf:1    | XOM: mild Pois miscast
 43932 | Elf:1    | XOM: severe Erth miscast
 44052 | Elf:1    | XOM: swap monsters
 44199 | Elf:1    | Found a frozen archway.
 44212 | IceCv    | Entered an ice cave
 44243 | IceCv    | XOM: chaos cloud
 44418 | IceCv    | XOM: swap monsters
 44455 | IceCv    | XOM: swap monsters
 44499 | IceCv    | Reached skill level 10 in Transmutations
 44565 | IceCv    | HP: 84/243 [??? (54)]
 44566 | IceCv    | XOM: cast spell 'Death Channel'
 44578 | IceCv    | XOM: 2-stop teleportation journey
 45046 | Elf:1    | Found Seeh's Gadget Shop.
 45046 | Elf:1    | Found Nefumaes's Jewellery Emporium.
 45047 | Elf:1    | Found Baoxaihe's Gadget Shop.
 45057 | Elf:1    | XOM: scenery: 1 fountains blood, 1 doors open
 45177 | Elf:1    | XOM: give mutations
 45177 | Elf:1    | Gained mutation: You can translocate small distances at
                  | will. [Xom's grace]
 45177 | Elf:1    | Gained mutation: You are very agile. (Dex +4) [Xom's grace]
 45270 | Elf:2    | XOM: potion effect (experience)
 45270 | Elf:2    | Reached skill level 5 in Earth Magic
 45270 | Elf:2    | Reached XP level 22. HP: 252/252 MP: 38/38
 45281 | Elf:2    | XOM: cleaving
 45298 | Elf:2    | XOM: confuse monster(s)
 45303 | Elf:2    | XOM: cleaving
 45333 | Elf:2    | Found Maho Peo's Distillery.
 45574 | Elf:2    | Reached XP level 23. HP: 249/260 MP: 40/40
 45679 | Elf:2    | Found a huge runed translucent gate.
 45679 | Elf:2    | Found a huge runed translucent gate.
 45679 | Elf:2    | Found a huge runed translucent gate.
 45679 | Elf:2    | Found a huge runed translucent gate.
 45683 | Elf:2    | Found a huge runed translucent gate.
 45736 | Elf:2    | Bought a potion of resistance for 160 gold pieces
 45736 | Elf:2    | Bought a potion of agility for 64 gold pieces
 45736 | Elf:2    | Bought 2 potions of haste for 320 gold pieces
 45736 | Elf:2    | Bought a potion of ambrosia for 128 gold pieces
 45736 | Elf:2    | Bought a potion of might for 64 gold pieces
 45736 | Elf:2    | Bought 2 potions of resistance for 320 gold pieces
 45736 | Elf:2    | Bought a potion of flight for 48 gold pieces
 45736 | Elf:2    | Bought a potion of flight for 48 gold pieces
 45744 | Elf:2    | XOM: swap monsters
 46089 | Elf:2    | XOM: harmless Ice miscast
 46146 | Elf:2    | XOM: potion effect (invisibility)
 46273 | Elf:2    | Learned a level 3 spell: Regeneration
 46279 | Elf:2    | Learned a level 5 spell: Borgnjor's Vile Clutch
 46280 | Elf:3    | Entered Level 3 of the Elven Halls
 46438 | Elf:3    | Found a portal to a secret trove of treasure.
 46486 | Elf:3    | XOM: harmless Conj miscast
 46549 | Elf:3    | Got a warped quarterstaff
 46894 | Elf:3    | Reached skill level 1 in Necromancy
 47024 | Elf:3    | XOM: harmless Chrm miscast
 47029 | Elf:3    | Reached skill level 10 in Spellcasting
 47052 | Elf:3    | XOM: potion effect (agility)
 47070 | Elf:3    | XOM: potion effect (experience)
 47070 | Elf:3    | Reached XP level 24. HP: 191/271 MP: 35/41
 47082 | Elf:3    | HP: 117/271 [deep elf high priest/damnation (26)]
 47087 | Elf:3    | HP: 97/271 [poisoned by a deep elf annihilator (poison
                  | arrow)]
 47091 | Elf:3    | XOM: divination: detect items
 47095 | Elf:3    | HP: 107/271 [poisoned by a deep elf annihilator (poison
                  | arrow)]
 47098 | Elf:3    | XOM: harmless Erth miscast
 47100 | Elf:3    | HP: 113/271 [poisoned by a deep elf annihilator (poison
                  | arrow)]
 47106 | Elf:3    | HP: 121/271 [poisoned by a deep elf annihilator (poison
                  | arrow)]
 47111 | Elf:3    | HP: 127/271 [poisoned by a deep elf annihilator (poison
                  | arrow)]
 47221 | Elf:3    | XOM: harmless Erth miscast
 47259 | Elf:3    | XOM: confusion (+ monsters)
 47370 | Elf:3    | Identified the cursed +0 robe of the Salmon {rPois rN++
                  | MP+9 Dex-3}
 47371 | Elf:3    | Cast into level 3 of the Abyss (a deep elf sorcerer)
 47393 | Abyss:3  | Found a corrupted altar of Lugonu.
 47395 | Abyss:3  | Found a transporter.
 47396 | Abyss:3  | Found a corrupted altar of Lugonu.
 47396 | Abyss:3  | XOM: enchant monster (bad)
 47407 | Abyss:3  | XOM: enchant monster (good)
 47436 | Abyss:3  | XOM: summons 10 friendly demons
 47452 | Abyss:3  | Paralysed by accursed screaming for 1 turns
 47460 | Abyss:3  | Paralysed by accursed screaming for 1 turns
 47468 | Abyss:3  | XOM: scenery: create altars
 47485 | Abyss:3  | Paralysed by accursed screaming for 1 turns
 47508 | Abyss:3  | Found a transporter.
 47516 | Abyss:3  | Got a warped amethyst amulet
 47517 | Abyss:3  | Identified the amulet of the Lumpy Eyes {Inacc rF+} (You
                  | found it on level 3 of the Abyss)
 47526 | Abyss:3  | Found a radiant altar of Vehumet.
 47577 | Abyss:3  | XOM: fake destruction
 47735 | Abyss:3  | XOM: enchant monster (bad)
 47764 | Abyss:3  | XOM: chaos cloud
 47777 | Abyss:3  | XOM: polymorph large abomination -> large abomination
 47779 | Abyss:3  | Found a transporter.
 47787 | Abyss:3  | Found a corrupted altar of Lugonu.
 47797 | Abyss:3  | Found a transporter.
 47811 | Elf:3    | Escaped the Abyss
 48124 | Elf:3    | XOM: summons 1 hostile demon
 48156 | Elf:3    | Identified the cursed +0 large shield of the Oligarchy
                  | {rPois Str+4 Slay-5}
 48220 | Elf:3    | Found the amulet of Vitality {Regen+ HP+15}
 48225 | Elf:3    | Got a transparent lapis lazuli ring
 48226 | Elf:3    | Identified the ring "Taigeez" {MP+9 EV+4 Int+4 Dex+5
                  | Slay-3} (You found it on level 3 of the Elven Halls)
 48244 | Elf:3    | Got a brightly glowing battleaxe
 48245 | Elf:3    | Identified the +7 battleaxe "Xuhufon" {distort, Str+3
                  | Stlth+} (You found it on level 3 of the Elven Halls)
 48282 | Elf:3    | Got a pair of transparent boots
 48293 | Elf:3    | Identified the +0 pair of boots "Huki" {+Blink rCorr} (You
                  | acquired it on level 3 of the Elven Halls)
 48308 | Elf:3    | Identified Yllem's Papyrus of the Aerial Entourage
 48314 | Elf:3    | Identified the Reference Book on Dislocated Creation
 48336 | Elf:3    | Learned a level 1 spell: Summon Butterflies
 48457 | Elf:3    | XOM: blink monster(s)
 48473 | Elf:3    | XOM: give mutations
 48473 | Elf:3    | Lost mutation: You are somewhat resistant to both further
                  | mutation and mutation removal. [Xom's mischief]
 48473 | Elf:3    | Lost mutation: You are very agile. (Dex +4) [Xom's
                  | mischief]
 48473 | Elf:3    | Lost mutation: You are extremely robust. (+30% HP) [Xom's
                  | mischief]
 48473 | Elf:3    | Lost mutation: You passively map the area around you.
                  | [Xom's mischief]
 48474 | Elf:3    | XOM: torment (164/250 hp)
 48480 | Elf:3    | XOM: summons friendly iron imp
 48495 | Elf:3    | XOM: enchant monster (bad)
 48640 | Elf:2    | XOM: divination: detect creatures
 48907 | Slime:1  | Entered Level 1 of the Pits of Slime
 48933 | Slime:1  | XOM: summons friendly ufetubus
 48977 | Slime:1  | XOM: blink monster(s)
 48986 | Slime:1  | Reached XP level 25. HP: 203/259 MP: 36/41
 49038 | Slime:1  | XOM: mild Conj miscast
 49244 | Slime:1  | XOM: harmless Pois miscast
 49470 | Slime:2  | XOM: 2-stop teleportation journey
 49538 | Slime:2  | XOM: repel stairs
 49673 | Slime:4  | XOM: confusion
 49684 | Slime:4  | XOM: blink monster(s)
 49894 | Slime:3  | Reached skill level 10 in Earth Magic
 49910 | Slime:3  | XOM: scenery: create altars
 49935 | Slime:3  | Lost mutation: You are very robust. (+20% HP) [a shining
                  | eye]
 49940 | Slime:3  | Gained mutation: You occasionally shout uncontrollably at
                  | your foes. [a shining eye]
 49972 | Slime:3  | Gained mutation: You sometimes yell uncontrollably at your
                  | foes. [a shining eye]
 49978 | Slime:3  | XOM: 8-stop teleportation journey
 50127 | Slime:2  | XOM: mild Tloc miscast
 50377 | Slime:3  | XOM: summons 4 hostile shadow creatures
 50382 | Slime:3  | XOM: summons 6 hostile demons
 50484 | Slime:4  | Gained mutation: You are occasionally teleported next to
                  | monsters. [a shining eye]
 50485 | Slime:4  | XOM: swap monsters
 50569 | Slime:4  | XOM: severe Fire miscast
 50588 | Slime:5  | Entered Level 5 of the Pits of Slime
 50606 | Slime:5  | XOM: polymorph slime creature -> wolf spider
 50606 | Slime:5  | Noticed the Royal Jelly
 50684 | Slime:4  | XOM: medium Summ miscast
 50698 | Slime:4  | XOM: give mutations
 50698 | Slime:4  | Lost mutation: You are somewhat resistant to further
                  | mutation. [Xom's mischief]
 50698 | Slime:4  | Lost mutation: Your flesh is cold resistant. (rC+) [Xom's
                  | mischief]
 50698 | Slime:4  | Lost mutation: You are partially covered in rugged brown
                  | scales. (AC +1, +3% HP) [Xom's mischief]
 50795 | Slime:5  | XOM: 3-stop teleportation journey
 50913 | Slime:5  | Found a viscous altar of Jiyva.
 50917 | Slime:5  | Found the amulet of the Air {Inacc +Fly rElec EV+5 RMsl}
 50925 | Slime:5  | Found the +9 heavy crossbow "Sniper" {velocity, Acc+∞ SInv}
 50944 | Slime:5  | XOM: smoke on damage
 51045 | Slime:5  | XOM: give mutations
 51045 | Slime:5  | Lost mutation: You expend magic power (3 MP) to strengthen
                  | your wands. [Xom's mischief]
 51045 | Slime:5  | Lost mutation: You can translocate small distances at will.
                  | [Xom's mischief]
 51045 | Slime:5  | Lost mutation: You have an increased reservoir of magic.
                  | (+10% MP) [Xom's mischief]
 51045 | Slime:5  | Lost mutation: You have a pair of horns on your head.
                  | [Xom's mischief]
 51046 | Slime:5  | XOM: scenery: create altars
 51094 | Slime:5  | XOM: polymorph titanic slime creature -> deep troll
 51186 | Slime:5  | XOM: fog
 51194 | Slime:5  | XOM: confuse monster(s)
 51195 | Slime:5  | Noticed a shard shrike shaped Royal Jelly
 51195 | Slime:5  | the Royal Jelly changed into a shard shrike shaped Royal
                  | Jelly
 51195 | Slime:5  | XOM: polymorph Royal Jelly -> shard shrike shaped Royal
                  | Jelly
 51204 | Slime:5  | XOM: give mutations
 51204 | Slime:5  | Lost mutation: Your flesh is almost immune to the effects
                  | of heat. (rF+++) [Xom's mischief]
 51204 | Slime:5  | Lost mutation: You are highly resistant to hostile
                  | enchantments. (MR++) [Xom's mischief]
 51210 | Slime:5  | Killed a shard shrike shaped Royal Jelly
 51210 | Slime:5  | Noticed a shard shrike
 51210 | Slime:5  | an acid blob changed into a shard shrike
 51210 | Slime:5  | XOM: polymorph acid blob -> shard shrike
 51226 | Slime:5  | XOM: enchant monster (bad)
 51254 | Slime:4  | XOM: noise
 51274 | Slime:5  | XOM: confuse monster(s)
 51297 | Slime:4  | XOM: fog
 51381 | Slime:3  | XOM: destruction
 51382 | Slime:3  | XOM: harmless Ice miscast
 51388 | Slime:3  | XOM: summons 9 friendly demons
 51394 | Slime:3  | XOM: divination: magic mapping
 51396 | Slime:3  | HP: 95/231 [disintegration (39)]
 51402 | Slime:3  | HP: 91/232 [azure jelly (3)]
 51408 | Slime:3  | XOM: mild Air miscast
 51419 | Slime:2  | HP: 110/232 [azure jelly (5)]
 51550 | Slime:5  | Killed a shard shrike
 51552 | Slime:5  | XOM: harmless Air miscast
 51555 | Slime:5  | XOM: summons friendly white imp
 51741 | Slime:5  | Got a transparent steel ring
 51742 | Slime:5  | Identified the ring "Foemeaqom" {Wiz MP+9} (You found it on
                  | level 5 of the Pits of Slime)
 51777 | Slime:5  | Got a slimy rune of Zot
 51809 | Slime:5  | Got a faintly humming scale mail
 51811 | Slime:5  | Identified the cursed +0 scale mail of Discretion {rPois
                  | Int+2 Dex-5} (You found it on level 5 of the Pits of Slime)
 51831 | Slime:5  | XOM: silly message
 51838 | Slime:5  | Identified Ruasuys's Collected Works on Lucky Curses
 52064 | Slime:3  | XOM: mild Conj miscast
 52108 | Slime:3  | XOM: mild Summ miscast
 52118 | Slime:3  | XOM: swap monsters
 52261 | Lair:2   | XOM: noise
 52447 | Elf:1    | Bought the ring "Ihuthr Cidgh" {MR+ Int+7} for 467 gold
                  | pieces
 52844 | Vaults:5 | Entered Level 5 of the Vaults
 52851 | Vaults:5 | XOM: summons friendly crimson imp
 52855 | Vaults:5 | XOM: mild Tloc miscast
 52856 | Vaults:5 | Reached skill level 21 in Fighting
 52860 | Vaults:5 | HP: 110/233 [golden dragon/bolt of fire (7)]
 52865 | Vaults:4 | XOM: enchant monster (good)
 53130 | Vaults:4 | Reached skill level 10 in Stealth
 53243 | Vaults:5 | XOM: noise
 53265 | Vaults:4 | XOM: cast spell 'Monstrous Menagerie'
 53272 | Vaults:4 | Reached XP level 26. HP: 173/242 MP: 37/39
 53317 | Vaults:4 | XOM: smoke on damage
 53371 | Vaults:5 | XOM: confuse monster(s)
 53378 | Vaults:5 | Identified the ring "Vos Omum" {rPois rF- Dex+9 Slay-6
                  | Stlth+}
 53389 | Vaults:5 | XOM: enchant monster (bad)
 53438 | Vaults:5 | HP: 156/314 [yaktaur/bolt (7)]
 53444 | Vaults:5 | Got a silver rune of Zot
 53591 | Vaults:5 | XOM: swap monsters
 53598 | Vaults:5 | XOM: potion effect (berserk rage)
 53794 | Vaults:5 | XOM: potion effect (heal wounds)
 53901 | Vaults:5 | Identified the ring "Oclo" {Ice rElec MR- Str+4}
 53919 | Vaults:5 | XOM: cast spell 'Olgreb's Toxic Radiance'
 54232 | Vaults:5 | Found Heajioly's Gadget Shoppe.
 54235 | Vaults:5 | XOM: enchant monster (bad)
 54746 | Vaults:5 | XOM: enchant monster (good)
 54769 | Vaults:5 | Identified the ring of the Failed Coup {AC+3 Str+4 Int+4}
 54779 | Vaults:5 | Identified the Volume of the Dusty Glacier
 54861 | Vaults:5 | Got a steaming ring mail
 54862 | Vaults:5 | Identified the cursed +1 ring mail of Makhleb's Envy {rC-
                  | rN+ Str+4} (You found it on level 5 of the Vaults)
 54867 | Vaults:5 | Identified Sif Muna's Grimoire of Shape Shifting and Cold
 54888 | Vaults:5 | Identified the Handbook of Supportive Stones
 54936 | Vaults:5 | XOM: mild Fire miscast
 54951 | Vaults:5 | XOM: harmless Ice miscast
 54981 | Vaults:5 | XOM: silly message
 55418 | D:10     | XOM: god gift: potion of lignification
 55569 | Elf:2    | Cast into level 4 of the Abyss (a distortion unwield)
 55611 | Abyss:5  | Entered Level 5 of the Abyss
 55611 | Abyss:5  | Found a corrupted altar of Lugonu.
 55631 | Abyss:5  | XOM: noise
 55636 | Abyss:5  | XOM: cast spell 'Shadow Creatures'
 55639 | Abyss:5  | XOM: divination: detect items
 55641 | Abyss:5  | XOM: cast spell 'Summon Mana Viper'
 55644 | Abyss:5  | XOM: confuse monster(s)
 55649 | Abyss:5  | XOM: confuse monster(s)
 55661 | Abyss:5  | XOM: summons 6 friendly demons
 55667 | Abyss:5  | XOM: confuse monster(s)
 55717 | Abyss:5  | Found a corrupted altar of Lugonu.
 55740 | Abyss:5  | XOM: noise
 55788 | Abyss:5  | XOM: confuse monster(s)
 55815 | Abyss:5  | Reached skill level 22 in Fighting
 55834 | Abyss:5  | Got an abyssal rune of Zot
 55859 | Abyss:5  | Found a corrupted altar of Lugonu.
 55867 | Abyss:5  | XOM: summons 3 hostile shadow creatures
 55877 | Abyss:5  | XOM: swap monsters
 55882 | Abyss:5  | XOM: enchant monster (good)
 55893 | Abyss:5  | XOM: fog
 55894 | Abyss:5  | XOM: divination: detect creatures
 55919 | Elf:2    | Escaped the Abyss
 55924 | Elf:2    | XOM: noise
 56308 | Crypt:1  | Entered Level 1 of the Crypt
 56355 | Crypt:1  | Reached skill level 10 in Armour
 56411 | Crypt:1  | XOM: blink monster(s)
 56415 | Crypt:1  | XOM: swap monsters
 56418 | Crypt:1  | XOM: scenery: 1 doors close
 56419 | Crypt:1  | XOM: god gift: 51 gold pieces
 56426 | Crypt:1  | XOM: summons 10 friendly demons
 56454 | Crypt:1  | XOM: confuse monster(s)
 56581 | Crypt:1  | Reached XP level 27. HP: 253/254 MP: 40/40
 56582 | Crypt:1  | XOM: harmless Erth miscast
 56796 | Crypt:1  | XOM: mild Tloc miscast
 56839 | Crypt:1  | Noticed Saint Roka
 56917 | Crypt:1  | XOM: god gift: robe {god gift}
 56920 | Crypt:1  | Killed Saint Roka
 56954 | Crypt:1  | XOM: noise
 56967 | Crypt:1  | XOM: give mutation
 56967 | Crypt:1  | Gained mutation: You expend magic power (3 MP) to
                  | strengthen your wands. [Xom's grace]
 56974 | Crypt:1  | XOM: 1-stop teleportation journey
 57034 | Crypt:1  | XOM: cast spell 'Metabolic Englaciation'
 57039 | Crypt:1  | XOM: cleaving
 57562 | Crypt:2  | Got a pair of transparent boots
 57563 | Crypt:2  | Identified the +3 pair of boots of the Wheelwright {rPois
                  | Regen+ rCorr Str-5} (You acquired it on level 2 of the
                  | Crypt)
 57709 | Crypt:2  | XOM: medium Erth miscast
 57943 | Crypt:3  | Entered Level 3 of the Crypt
 58004 | Crypt:3  | XOM: silly message
 58052 | Crypt:3  | XOM: enchant monster (good)
 58060 | Crypt:3  | XOM: noise
 58395 | Crypt:3  | XOM: potion effect (might)
 58421 | Crypt:3  | Found a staircase to the Tomb.
 58449 | Crypt:3  | Identified the +0 ring mail "Ankivuuth" {Dex+2} (You found
                  | it on level 3 of the Crypt)
 58465 | Crypt:3  | XOM: scenery: 1 doors close
 58605 | Crypt:3  | Reached skill level 23 in Fighting
 58678 | Crypt:3  | XOM: enchant monster (bad)
 58701 | Crypt:3  | XOM: fog
 58866 | Crypt:3  | Noticed an ancient lich
 58867 | Crypt:3  | XOM: destruction
 58868 | Crypt:3  | XOM: confusion (+ monsters)
 58890 | Crypt:3  | XOM: swap monsters
 58894 | Crypt:3  | XOM: divination: detect items
 58897 | Crypt:3  | Killed an ancient lich
 58923 | Crypt:3  | XOM: give mutations
 58923 | Crypt:3  | Lost mutation: You sometimes yell uncontrollably at your
                  | foes. [Xom's mischief]
 58923 | Crypt:3  | Lost mutation: You are robust. (+10% HP) [Xom's mischief]
 58923 | Crypt:3  | Lost mutation: Your flesh is very heat resistant. (rF++)
                  | [Xom's mischief]
 58923 | Crypt:3  | Lost mutation: You are agile. (Dex +2) [Xom's mischief]
 59131 | Crypt:3  | XOM: harmless Erth miscast
 59283 | Crypt:3  | XOM: torment (155/236 hp)
 59426 | Crypt:3  | Found the +3 Elemental Staff {rElec rF++ rC++ MR++ AC+5}
 59452 | Crypt:3  | Identified Kigosufu's Collected Works on Ignition and
                  | Talismans
 59461 | Crypt:3  | Learned a level 6 spell: Deflect Missiles
 59467 | Crypt:3  | Got a twisted fustibalus
 59468 | Crypt:3  | Identified the +5 fustibalus of Qaka {venom, +Inv} (You
                  | found it on level 3 of the Crypt)
 59619 | Crypt:3  | HP: 149/306 [skeletal warrior/+0 long sword[an ancient
                  | champion] (13)]
 59620 | Crypt:3  | Cast into level 5 of the Abyss (Xom)
 59620 | Abyss:5  | Entered Level 5 of the Abyss
 59620 | Abyss:5  | Found a corrupted altar of Lugonu.
 59631 | Abyss:5  | XOM: harmless Summ miscast
 59666 | Abyss:5  | XOM: noise
 59694 | Abyss:5  | Found a corrupted altar of Lugonu.
 59747 | Crypt:3  | Escaped the Abyss
 59757 | Crypt:3  | XOM: god gift: book of the Warp
 59891 | Tomb:1   | Entered Level 1 of the Tomb of the Ancients
 59943 | Tomb:1   | Noticed a greater mummy
 59944 | Tomb:1   | Noticed Khufu
 59949 | Tomb:1   | HP: 148/306 [???[Khufu] (36)]
 59955 | Tomb:1   | XOM: mild Chrm miscast
 59956 | Tomb:1   | Killed a greater mummy
 59956 | Tomb:1   | HP: 77/308 [something (31)]
 59975 | Tomb:1   | HP: 68/308 [Khufu/divine providence (15)]
 60140 | Tomb:1   | Killed Khufu
 60202 | Tomb:1   | XOM: enchant monster (bad)
 60211 | Tomb:1   | XOM: summons 13 hostile demons
 60215 | Tomb:1   | XOM: severe Necr miscast
 60216 | Tomb:1   | Reached skill level 24 in Fighting
 60216 | Tomb:1   | XOM: summons friendly shadow imp
 60280 | Tomb:1   | Noticed a greater mummy
 60280 | Tomb:1   | Noticed a greater mummy
 60286 | Tomb:1   | Noticed a greater mummy
 60287 | Tomb:1   | Killed a greater mummy
 60288 | Tomb:1   | Noticed a greater mummy
 60296 | Tomb:1   | Killed a greater mummy
 60297 | Tomb:1   | Noticed a greater mummy
 60302 | Tomb:1   | HP: 129/309 [something (29)]
 60307 | Tomb:1   | HP: 87/309 [??? (21)]
 60308 | Tomb:1   | XOM: cast spell 'Olgreb's Toxic Radiance'
 60313 | Tomb:2   | HP: 53/309 [mummy priest/divine providence (9)]
 60314 | Tomb:2   | Noticed a greater mummy
 60314 | Tomb:2   | Noticed a greater mummy
 60314 | Tomb:2   | Noticed a greater mummy
 60316 | Tomb:2   | Noticed a greater mummy
 60318 | Tomb:2   | HP: 99/309 [greater mummy (12)]
 60323 | Tomb:2   | HP: 72/309 [greater mummy/divine providence (13)]
 60332 | Tomb:2   | XOM: divination: detect creatures
 60343 | Tomb:2   | HP: 99/309 [ancient champion/+3 battleaxe of draining (17)]
 60349 | Tomb:2   | HP: 79/310 [something (28)]
 60354 | Tomb:2   | HP: 80/310 [bennu (5)]
 60359 | Tomb:2   | HP: 89/310 [bennu (3)]
 60365 | Tomb:2   | HP: 80/310 [bennu (13)]
 60367 | Tomb:2   | XOM: confuse monster(s)
 60371 | Tomb:2   | HP: 88/312 [bennu (8)]
 60379 | Tomb:2   | HP: 94/312 [guardian mummy (14)]
 60380 | Tomb:2   | XOM: cast spell 'Call Canine Familiar'
 60386 | Tomb:2   | HP: 74/312 [something (14)]
 60449 | Tomb:2   | XOM: harmless Air miscast
 60621 | Tomb:3   | Entered Level 3 of the Tomb of the Ancients
 60631 | Tomb:3   | XOM: silly message
 60634 | Tomb:3   | Noticed a greater mummy
 60634 | Tomb:3   | Noticed a greater mummy
 60636 | Tomb:3   | Noticed a greater mummy
 60638 | Tomb:3   | Noticed a greater mummy
 60640 | Tomb:3   | Noticed a greater mummy
 60641 | Tomb:3   | Noticed a greater mummy
 60643 | Tomb:3   | Noticed a greater mummy
 60644 | Tomb:3   | XOM: fake destruction
 60645 | Tomb:3   | Noticed a greater mummy
 60647 | Tomb:3   | XOM: swap monsters
 60647 | Tomb:3   | HP: 155/312 [death scarab (9)]
 60647 | Tomb:3   | Noticed a greater mummy
 60650 | Tomb:3   | XOM: torment (106/312 hp)
 60653 | Tomb:3   | HP: 103/312 [death scarab (5)]
 60664 | Tomb:3   | HP: 56/312 [??? (13)]
 60670 | Tomb:3   | XOM: stat loss: -1 Int (29/30)
 60670 | Tomb:3   | HP: 38/312 [greater mummy/divine providence (14)]
 60672 | Tomb:3   | Got a golden rune of Zot
 60678 | Tomb:3   | XOM: give mutations
 60678 | Tomb:3   | Lost mutation: You expend magic power (3 MP) to strengthen
                  | your wands. [Xom's mischief]
 60678 | Tomb:3   | Lost mutation: You have a pair of small horns on your head.
                  | [Xom's mischief]
 60678 | Tomb:3   | Lost mutation: Your flesh is heat resistant. (rF+) [Xom's
                  | mischief]
 60678 | Tomb:3   | Lost mutation: Your muscles are strong. (Str +2) [Xom's
                  | mischief]
 60678 | Tomb:3   | HP: 68/312 [death scarab (16)]
 60683 | Tomb:3   | HP: 46/312 [death scarab (7)]
 60685 | Tomb:2   | XOM: confusion
 60685 | Tomb:2   | HP: 19/312 [death scarab (13)]
 60685 | Tomb:2   | Slain by a death scarab

Skill      XL: |  1  2  3  4  5  6  7  8  9 10 11 12 13 14 15 16 17 18 19 20 21 22 23 24 25 26 27 |
---------------+----------------------------------------------------------------------------------+-----
Dodging        | 3 4 5 6 7 8 9 10 11 13 14 15 16 17 18 20 22 | 22.0
Polearms       | 5 6 7 8 9 10 12 14 | 14.0
Fighting       | 4 5 6 7 8 10 11 13 15 16 17 18 19 20 21 22 24 | 24.6
Shields        | 4 6 7 8 9 10 11 12 13 14 15 | 15.0
Stealth        | 2 5 6 10 | 10.0
Armour         | 1 3 4 5 6 7 8 10 | 10.1
Evocations     | 1 4 5 6 8 9 10 12 | 12.3
Translocations | 3 5 7 8 |  8.4
Spellcasting   | 1 4 5 7 9 10 11 12 13 | 13.2
Charms         | 2 4 7 8 |  8.5
Air Magic      | 4 6 |  6.4
Summonings     | 3 7 9 |  9.0
Transmutations | 4 10 11 12 | 12.3
Earth Magic    | 5 8 9 10 | 10.0
Necromancy     | 2 4 |  4.5

Action                   |  1- 3 |  4- 6 |  7- 9 | 10-12 | 13-15 | 16-18 | 19-21 | 22-24 | 25-27 || total
-------------------------+-------+-------+-------+-------+-------+-------+-------+-------+-------++-------
Melee: Spear             |    84 |   296 |       |       |       |       |       |       |       ||   380
       Trident           |       |     4 |   544 |  1488 |   569 |       |       |       |       ||  2605
       Demon trident     |       |       |       |       |  1129 |  1828 |  1873 |   764 |  2428 ||  8022
       Tailslap          |       |       |       |       |     2 |    66 |     3 |       |     9 ||    80
       Headbutt          |       |       |       |       |       |   136 |   612 |   202 |   768 ||  1718
 Cast: Apportation       |       |       |       |     4 |       |       |       |    12 |       ||    16
       Blink             |       |       |       |       |       |     2 |     1 |       |     8 ||    11
       Passage of Golubr |       |       |       |       |       |     1 |       |       |       ||     1
       Summon Lightning  |       |       |       |       |       |       |    14 |    10 |    17 ||    41
       Aura of Abjuratio |       |       |       |       |       |       |     1 |     1 |    15 ||    17
       Regeneration      |       |       |       |       |       |       |       |     9 |    34 ||    43
       Borgnjor's Vile C |       |       |       |       |       |       |       |     7 |    15 ||    22
       Statue Form       |       |       |       |       |       |       |       |     2 |    25 ||    27
       Summon Butterflie |       |       |       |       |       |       |       |     1 |     2 ||     3
       Swiftness         |       |       |       |       |       |       |       |       |     2 ||     2
       Deflect Missiles  |       |       |       |       |       |       |       |       |     1 ||     1
 Abil: Evoke Invisibilit |       |       |       |       |       |     1 |       |       |       ||     1
Evoke: Wand              |       |       |       |     1 |     1 |       |     1 |       |     7 ||    10
       Phantom mirror    |       |       |       |       |     1 |       |       |       |       ||     1
       Lamp of fire      |       |       |       |       |       |       |       |       |     1 ||     1
  Use: Scroll            |       |    11 |    12 |     7 |    14 |     8 |     8 |     8 |    46 ||   114
       Potion            |       |     4 |     3 |     2 |       |       |     2 |     1 |    15 ||    27
 Stab: Sleeping          |       |     2 |     5 |     8 |    13 |    18 |    21 |     1 |    11 ||    79
       Petrified         |       |     4 |     3 |       |     3 |    10 |     2 |       |     2 ||    24
       Confused          |       |     4 |     1 |    10 |    15 |    25 |    16 |     2 |    15 ||    88
       Petrifying        |       |     1 |     1 |     1 |     2 |     1 |     2 |     1 |     1 ||    10
       Invisible         |       |       |    10 |     3 |     6 |    11 |       |     4 |       ||    34
       Paralysed         |       |       |     4 |       |     5 |       |       |       |     3 ||    12
       Distracted        |       |       |       |     2 |     5 |    10 |    17 |    11 |    19 ||    64
  Eat: Chunk             |       |     8 |    15 |    23 |    24 |    27 |    24 |    12 |     9 ||   142
       Ration            |       |       |     1 |     3 |     3 |     2 |     2 |     1 |    13 ||    25
Armor: Leather armour    |    13 |    80 |   127 |    16 |       |       |       |       |       ||   236
       Skin              |       |       |       |    21 |       |       |       |    20 |   359 ||   400
       Ring mail         |       |       |       |   125 |       |       |       |       |       ||   125
       Swamp dragon scal |       |       |       |    81 |   242 |   238 |   246 |   100 |   322 ||  1229
Dodge: Dodged            |    37 |   129 |   250 |   597 |   708 |   856 |   772 |   306 |  2282 ||  5937
       Deflected         |       |       |       |       |       |       |       |       |     3 ||     3
Block: Shield            |       |       |   125 |   547 |   682 |   824 |   798 |   261 |  1692 ||  4929

Levels and vault maps discovered:
D:1:      dpeg_arrival_houses_and_road, layout_basic, kennysheep_boxes
D:2:      cheibrodos_old_hovel, layout_loops_corners,
          nicolae_overflow_crystal_walls, uniq_robin, uniq_natasha
D:3:      layout_loops_cross, nicolae_gozag_seed_capital
D:4:      layout_basic, nicolae_overflow_hidden_temple,
          gammafunk_temple_overflow_pools, uniq_menkaure
D:5:      layout_gridville, first_ration
D:6:      layout_cave_pools, uniq_sigmund
D:7:      layout_loops_ring, dancing_weapons_uskayaw, lemuel_round_altar,
          minmay_temple_entry_enclosed_plants
D:8:      layout_basic, serial_shops, kennysheep_mini, uniq_harold
D:9:      layout_roguey, nicolae_qazlal_general_emergency, vehumet_statue,
          uniq_psyche
D:10:     layout_loops_corners, minmay_orc_entry_temple_small, serial_shops,
          kennysheep_mini_moat, david_nohive_1
D:11:     layout_small_grid, david_lair_generic, gammafunk_ghost_hive
D:12:     minmay_recursive_quarters, layout_irregular_city, serial_shops,
          nicolae_shop_stone, kennysheep_little_box, shop_coins, shop,
          st_stairs_2, lemuel_mausoleum_altar_kikubaaqudgha, uniq_maurice,
          uniq_rupert
D:13:     layout_rooms, grunt_vaults_entry_tiered, minmay_misc_feat_iff,
          hangedman_decor_clover_reticule
D:14:     layout_stronghold, cheibriados_altar_1, basic_altar
D:15:     hangedman_depths_entry_civil_slaughter, layout_irregular_city,
          minmay_misc_feat_four_crosses
Lair:1:   layout_cave_pods, minmay_lair_oklob_chamber
Lair:2:   dpeg_oklob_gauntlet, layout_long_grid, elwin_shoals_entry_stream,
          grunt_megastairs_4, uniq_sonja
Lair:3:   layout_chaotic_city, hangedman_lair_generics_rect, grunt_megastairs_3
Lair:4:   dragon1_lemuel, layout_loops_ring, dummy_snake_entry
Lair:5:   layout_long_grid
Lair:6:   evilmike_catoblepas_cave, layout_hall_layers, dpeg_slime_entry_corner,
          uniq_josephine
Shoals:1: layout_shoals, serial_shops, shop_coins, lemuel_altar_in_water
Shoals:2: layout_shoals
Shoals:3: layout_shoals
Shoals:4: shoals_end_simple, layout_shoals
Snake:1:  layout_grid_shapes, serial_shops, shop_fountains, lemuel_fruit_tree,
          uniq_frances
Snake:2:  layout_rooms, st_stairs_5
Snake:3:  layout_cave_town
Snake:4:  snake_pit_salamanders_mu, layout_cave_town
Slime:1:  layout_caves
Slime:2:  layout_caves
Slime:3:  cheibrodos_slime_lost_civilization_3, layout_caves, special_room
          [special_room_jelly]
Slime:4:  layout_caves
Slime:5
Orc:1:    layout_diamond_mine, gammafunk_ghost_split, rock_pile
Orc:2:    st_orc_open, layout_diamond_mine, basic_altar
Elf:1:    minmay_elf_arrival_plus, layout_onion_city,
          portal_ice_cave_entry_pillars_1, kennysheep_underground_church,
          minmay_shop_grove
Elf:2:    layout_loops_cross, serial_shops, shop, serial_glass, glass_columns_c,
          glass_columns_a, item_on_display_a, feat_on_display, feat_on_display
Elf:3:    minmay_elf_hall_circle, layout_geoelf_castle, enter_trove_0,
          minivault_15, elves_outpost_lemuel
Vaults:1: nicolae_vaults_network_periphery, ontoclasm_vaults_decontamination,
          nicolae_vaults_three_branches, serial_ice_b,
          vaults_room_stairs_pillars, layout_vaults_omnigrid
Vaults:2: v_misc_2, vaults_dpeg_encased_lava, v_misc_15, v_misc_28,
          grunt_vaults_swirl, ontoclasm_vaults_fault,
          ontoclasm_vaults_ring_small, layout_vaults_chaotic_city, serial_shops,
          nicolae_shop_behind_doors
Vaults:3: ontoclasm_vaults_loading_screen, st_octagons_1, v_misc_28,
          vaults_mumra_lcd, grunt_vaults_trifunnel,
          minmay_crypt_entry_simple_statues, v_alt_pattern_2,
          nicolae_vaults_big_ls, ontoclasm_vaults_loading_screen,
          vaults_room_fours, ontoclasm_vaults_spin, vaults_room_semicircle,
          layout_vaults_big_cross, serial_shops, shop_fountains
Vaults:4: vaults_mumra_bighexcomb, nicolae_vaults_what_the_h,
          grunt_vaults_twisty, vaults_room_door_hall, vaults_room_door_ring,
          hangedman_vaults_cutoff, vaults_room_pools, hangedman_vaults_snaps,
          ontoclasm_vaults_tryst, grunt_vaults_bifocal, v_pattern_1,
          layout_vaults_maze_bifur, basic_altar, uniq_sojobo
Vaults:5: serial_shops
Crypt:1:  layout_regular_city, uniq_saint_roka
Crypt:2:  cheibrodos_crypt_cold_storage, layout_gridlike, feat_on_display
Crypt:3:  due_elkab, layout_chaotic_city, minicrypt_bobbens
Tomb:1:   uniq_khufu
Tomb:2
Tomb:3
Abyss:2
Abyss:3:  gammafunk_corrupted_shrine
Abyss:4:  minivault_20, evilmike_abyss_exit_plants,
          due_evilmike_abyss_rune_seething_liches
Abyss:5:  due_exit_kobolds
IceCv:    ice_cave_small_demon
